Workbook
Name Database: #REF!
Name Database: #REF!

Sheet PREENCHIMENTO
A3: FORMA DE PREENCHIMENTO DAS PLANILHAS ELETRÔNICAS
A5: 1) O presente arquivo eletrônico é composto pelas seguintes planilhas:
A6: • PLANILHA DE ORÇAMENTO BASE – LICITANTE - ANEXO 3.A
A7: • CRONOGRAMA FÍSICO-FINANCEIRO – LICITANTE - ANEXO 4.A
A8: • PLANILHA DE COMPOSIÇÕES UNITÁRIAS DE SERVIÇOS – LICITANTE - ANEXO 5.A
A9: • PLANILHA DE CUSTOS UNITÁRIOS DE INSUMOS/SERVIÇOS – LICITANTE - ANEXO 6.A
A10: • PLANILHA DE COMPOSIÇÃO DAS TAXAS DE BDI - LICITANTE - ANEXO 7.A
A11: • PLANILHA DOS ENCARGOS SOCIAIS E TRABALHISTAS - LICITANTE - ANEXO 8.A
A13: 2) A Licitante deverá preencher todos os campos em amarelo com o valor proposto, nas seguintes planilhas, podendo iniciar o preenchimento em qualquer sequência:
A15: • PLANILHA DE ORÇAMENTO BASE – LICITANTE - ANEXO 3.A
A16: • PLANILHA DE COMPOSIÇÕES UNITÁRIAS DE SERVIÇOS – LICITANTE - ANEXO 5.A
A17: • PLANILHA DE CUSTOS UNITÁRIOS DE INSUMOS/SERVIÇOS – LICITANTE - ANEXO 6.A
... A38: 7) ANEXAR ESTE ARQUIVO ELETRÔNICO EM MÍDIA DIGITAL COM A FINALIDADE DE FACILITAR A ANÁLISE DA REFERIDA PROPOSTA POR PARTE DA COMISSÃO.

Sheet 3.A
A1: TIMBRE LICITANTE
A6: ANEXO 3.A - PLANILHA DE ORÇAMENTO BASE - LICITANTE
A8: AQUISIÇÃO DE SISTEMA COMPLETO DE GERADOR DE SOLUÇÃO OXIDANTE A BASE DE HIPOCLORITO DE SÓDIO PARA DESINFECÇÃO DO EFLUENTE NA ESTAÇÃO DE TRATAMENTO DE ESGOTO (ETE RIO PRETO), INCLUSO FORNECIMENTO DE EQUIPAMENTOS, MATERIAIS E OS SERVIÇOS DE OBRA CIVIL PARA ADEQUAÇÃO NECESSÁRIA AO SISTEMA, INSTALAÇÃO, START-UP E TREINAMENTO OPERACIONAL.
B9: LEIS SOCIAIS HORISTA - JORNADA NORMAL | F9: ='8.A'!$D$45 -> 0 | L9: DATA-BASE DO ORÇAMENTO: | M9: =TODAY() -> 46170
B10: ="BDI - MÃO DE OBRA / SERVIÇOS / MATERIAIS EM GERAL" -> BDI - MÃO DE OBRA / SERVIÇOS / MATERIAIS EM GERAL | F10: ='7.A'!$F$29 -> 0
A13: ITEM | B13: SERVIÇO | C13: UNID | D13: QUANT. | E13: PREÇO | F13: MO | G13: SERVIÇO | H13: MATERIAIS | I13: MO | J13: SERVIÇO | K13: MAT | L13: PREÇO | M13: %
E14: UNIT.(R$) | F14: R$ | G14: R$ | H14: R$ | I14: R$ | J14: R$ | K14: R$ | L14: TOTAL(R$)
A16: 1.0 | B16: CANTEIRO DE OBRAS | C16: SUB-TOTAL | F16: =I16 -> 0 | G16: =J16 -> 0 | H16: =K16 -> 0 | I16: =SUM(I18:I22) -> 0 | J16: =SUM(J18:J22) -> 0 | K16: =SUM(K18:K22) -> 0 | L16: =F16+G16+H16 -> 0 | M16: =ROUND(L16/$L$113,6) -> #DIV/0!
F17: =F16/L16 -> #DIV/0! | G17: =G16/L16 -> #DIV/0! | H17: =H16/L16 -> #DIV/0! | I17: =IF(F16=I16,"SIM","NÃO") -> SIM | J17: =IF(G16=J16,"SIM","NÃO") -> SIM | K17: =IF(H16=K16,"SIM","NÃO") -> SIM
A18: 1.1 | B18: MOBILIZAÇÃO DO CANTEIRO DE OBRAS | C18: GB | D18: 1 | E18: =G18+H18+F18 -> 0 | F18: ='5.A'!$F$26 -> 0 | G18: ='5.A'!$F$39 -> 0 | H18: ='5.A'!$F$62 -> 0 | I18: =ROUND(F18*D18,2) -> 0 | J18: =ROUND(G18*D18,2) -> 0 | K18: =ROUND(H18*D18,2) -> 0 | L18: =ROUND(D18*F18,2)+ROUND(D18*G18,2)+ROUND(D18*H18,2) -> 0 | M18: =L18/$L$113 -> #DIV/0!
A19: 1.2 | B19: OPERAÇÃO E MANUTENÇÃO DO CANTEIRO DE OBRAS | C19: GB | D19: 1 | E19: =G19+H19+F19 -> 0 | F19: ='5.A'!F78 -> 0 | G19: ='5.A'!F91 -> 0 | H19: ='5.A'!F114 -> 0 | I19: =ROUND(F19*D19,2) -> 0 | J19: =ROUND(G19*D19,2) -> 0 | K19: =ROUND(H19*D19,2) -> 0 | L19: =ROUND(D19*F19,2)+ROUND(D19*G19,2)+ROUND(D19*H19,2) -> 0 | M19: =L19/$L$113 -> #DIV/0!
A20: 1.3 | B20: DESMOBILIZAÇÃO DO CANTEIRO DE OBRAS | C20: GB | D20: 1 | E20: =G20+H20+F20 -> 0 | F20: ='5.A'!F130 -> 0 | G20: ='5.A'!F143 -> 0 | H20: ='5.A'!F166 -> 0 | I20: =ROUND(F20*D20,2) -> 0 | J20: =ROUND(G20*D20,2) -> 0 | K20: =ROUND(H20*D20,2) -> 0 | L20: =ROUND(D20*F20,2)+ROUND(D20*G20,2)+ROUND(D20*H20,2) -> 0 | M20: =L20/$L$113 -> #DIV/0!
A21: 1.4 | B21: TAPUME COM COMPENSADO DE MADEIRA | C21: M2 | D21: 20 | E21: =G21+H21+F21 -> 0 | F21: ='5.A'!F182 -> 0 | G21: ='5.A'!F195 -> 0 | H21: ='5.A'!F218 -> 0 | I21: =ROUND(F21*D21,2) -> 0 | J21: =ROUND(G21*D21,2) -> 0 | K21: =ROUND(H21*D21,2) -> 0 | L21: =ROUND(D21*F21,2)+ROUND(D21*G21,2)+ROUND(D21*H21,2) -> 0 | M21: =L21/$L$113 -> #DIV/0!
A22: 1.5 | B22: PLACA DE OBRA PADRÃO SeMAE | C22: M2 | D22: 10 | E22: =G22+H22+F22 -> 0 | F22: ='5.A'!$F$234 -> 0 | G22: ='5.A'!$F$247 -> 0 | H22: ='5.A'!$F$270 -> 0 | I22: =ROUND(F22*D22,2) -> 0 | J22: =ROUND(G22*D22,2) -> 0 | K22: =ROUND(H22*D22,2) -> 0 | L22: =ROUND(D22*F22,2)+ROUND(D22*G22,2)+ROUND(D22*H22,2) -> 0 | M22: =L22/$L$113 -> #DIV/0!
A24: 2.0 | B24: SERVIÇOS TÉCNICOS E PRELIMINARES | C24: SUB-TOTAL | F24: =I24 -> 0 | G24: =J24 -> 0 | H24: =K24 -> 0 | I24: =SUM(I27:I29) -> 0 | J24: =SUM(J27:J29) -> 0 | K24: =SUM(K27:K29) -> 0 | L24: =F24+G24+H24 -> 0 | M24: =ROUND(L24/$L$113,6) -> #DIV/0!
F25: =F24/L24 -> #DIV/0! | G25: =G24/L24 -> #DIV/0! | H25: =H24/L24 -> #DIV/0! | I25: =IF(F24=I24,"SIM","NÃO") -> SIM | J25: =IF(G24=J24,"SIM","NÃO") -> SIM | K25: =IF(H24=K24,"SIM","NÃO") -> SIM
A26: 2.1 | B26: PROJETOS
A27: 2.1.1 | B27: DETALHAMENTO DE PROJETOS EXECUTIVOS COMPLEMENTARES | C27: UN | D27: 1 | E27: =G27+H27+F27 -> 0 | F27: ='5.A'!F286 -> 0 | G27: ='5.A'!F299 -> 0 | H27: ='5.A'!F322 -> 0 | I27: =ROUND(F27*D27,2) -> 0 | J27: =ROUND(G27*D27,2) -> 0 | K27: =ROUND(H27*D27,2) -> 0 | L27: =ROUND(D27*F27,2)+ROUND(D27*G27,2)+ROUND(D27*H27,2) -> 0 | M27: =L27/$L$113 -> #DIV/0!
A28: 2.2 | B28: CONTROLE TECNOLÓGICO
A29: 2.2.1 | B29: ENSAIO DE DETERMINAÇÃO DA RESISTÊNCIA CARACTERÍSTICA À COMPRESSÃO DO CONCRETO | C29: UN | D29: 10 | E29: =G29+H29+F29 -> 0 | F29: ='5.A'!F338 -> 0 | G29: ='5.A'!F351 -> 0 | H29: ='5.A'!F374 -> 0 | I29: =ROUND(F29*D29,2) -> 0 | J29: =ROUND(G29*D29,2) -> 0 | K29: =ROUND(H29*D29,2) -> 0 | L29: =ROUND(D29*F29,2)+ROUND(D29*G29,2)+ROUND(D29*H29,2) -> 0 | M29: =L29/$L$113 -> #DIV/0!
A31: 3.0 | B31: OBRAS CIVIS - SALA DAS FONTES | C31: SUB-TOTAL | F31: =I31 -> 0 | G31: =J31 -> 0 | H31: =K31 -> 0 | I31: =SUM(I33:I49) -> 0 | J31: =SUM(J33:J49) -> 0 | K31: =SUM(K33:K49) -> 0 | L31: =F31+G31+H31 -> 0 | M31: =ROUND(L31/$L$113,6) -> #DIV/0!
F32: =F31/L31 -> #DIV/0! | G32: =G31/L31 -> #DIV/0! | H32: =H31/L31 -> #DIV/0! | I32: =IF(F31=I31,"SIM","NÃO") -> SIM | J32: =IF(G31=J31,"SIM","NÃO") -> SIM | K32: =IF(H31=K31,"SIM","NÃO") -> SIM
A33: 3.1 | B33: SERVIÇOS PARA PISO
A34: 3.1.1 | B34: DEMOLIÇÃO MECANIZADA DE CONCRETO ARMADO, INCLUSIVE FRAGMENTAÇÃO E ACOMODAÇÃO DO MATERIAL, INCLUSO CARGA, DESCARGA E TRANSPORTE DE MATERIAL DEMOLIDO INTERNO À OBRA | C34: M3 | D34: 1 | E34: =G34+H34+F34 -> 0 | F34: ='5.A'!$F$390 -> 0 | G34: ='5.A'!$F$403 -> 0 | H34: ='5.A'!$F$426 -> 0 | I34: =ROUND(F34*D34,2) -> 0 | J34: =ROUND(G34*D34,2) -> 0 | K34: =ROUND(H34*D34,2) -> 0 | L34: =ROUND(D34*F34,2)+ROUND(D34*G34,2)+ROUND(D34*H34,2) -> 0 | M34: =L34/$L$113 -> #DIV/0!
A35: 3.1.2 | B35: ATERRO DE VALAS, POÇOS E CAVAS COMPACTADO MECANICAMENTE, SEM CONTROLE DO G.C. | C35: M3 | D35: 2 | E35: =G35+H35+F35 -> 0 | F35: ='5.A'!F442 -> 0 | G35: ='5.A'!F455 -> 0 | H35: ='5.A'!F478 -> 0 | I35: =ROUND(F35*D35,2) -> 0 | J35: =ROUND(G35*D35,2) -> 0 | K35: =ROUND(H35*D35,2) -> 0 | L35: =ROUND(D35*F35,2)+ROUND(D35*G35,2)+ROUND(D35*H35,2) -> 0 | M35: =L35/$L$113 -> #DIV/0!
A36: 3.1.3 | B36: TRANSPORTE, CARGA E DESCARGA - SOLO | C36: M3 | D36: 2 | E36: =G36+H36+F36 -> 0 | F36: ='5.A'!F494 -> 0 | G36: ='5.A'!F507 -> 0 | H36: ='5.A'!F530 -> 0 | I36: =ROUND(F36*D36,2) -> 0 | J36: =ROUND(G36*D36,2) -> 0 | K36: =ROUND(H36*D36,2) -> 0 | L36: =ROUND(D36*F36,2)+ROUND(D36*G36,2)+ROUND(D36*H36,2) -> 0 | M36: =L36/$L$113 -> #DIV/0!
A37: 3.1.4 | B37: PISO EM CONCRETO, 20MPA, ESPESSURA 15CM, COM ARMAÇÃO EM TELA SOLDADA | C37: M2 | D37: 6 | E37: =G37+H37+F37 -> 0 | F37: ='5.A'!F546 -> 0 | G37: ='5.A'!F559 -> 0 | H37: ='5.A'!F582 -> 0 | I37: =ROUND(F37*D37,2) -> 0 | J37: =ROUND(G37*D37,2) -> 0 | K37: =ROUND(H37*D37,2) -> 0 | L37: =ROUND(D37*F37,2)+ROUND(D37*G37,2)+ROUND(D37*H37,2) -> 0 | M37: =L37/$L$113 -> #DIV/0!
A38: 3.1.5 | B38: ARMADURA EM AÇO CA 50 - FORNECIMENTO, CORTE, DOBRA E MONTAGEM | C38: KG | D38: 42 | E38: =G38+H38+F38 -> 0 | F38: ='5.A'!F598 -> 0 | G38: ='5.A'!F611 -> 0 | H38: ='5.A'!F634 -> 0 | I38: =ROUND(F38*D38,2) -> 0 | J38: =ROUND(G38*D38,2) -> 0 | K38: =ROUND(H38*D38,2) -> 0 | L38: =ROUND(D38*F38,2)+ROUND(D38*G38,2)+ROUND(D38*H38,2) -> 0 | M38: =L38/$L$113 -> #DIV/0!
A39: 3.1.6 | B39: REMOÇÃO DE PINTURA EXISTENTE COM LIXAMENTO | C39: M2 | D39: 21 | E39: =G39+H39+F39 -> 0 | F39: ='5.A'!F650 -> 0 | G39: ='5.A'!F663 -> 0 | H39: ='5.A'!F686 -> 0 | I39: =ROUND(F39*D39,2) -> 0 | J39: =ROUND(G39*D39,2) -> 0 | K39: =ROUND(H39*D39,2) -> 0 | L39: =ROUND(D39*F39,2)+ROUND(D39*G39,2)+ROUND(D39*H39,2) -> 0 | M39: =L39/$L$113 -> #DIV/0!
A40: 3.1.7 | B40: REGULARIZAÇÃO DE PISO COM NATA DE CIMENTO | C40: M2 | D40: 21 | E40: =G40+H40+F40 -> 0 | F40: ='5.A'!F702 -> 0 | G40: ='5.A'!F715 -> 0 | H40: ='5.A'!F738 -> 0 | I40: =ROUND(F40*D40,2) -> 0 | J40: =ROUND(G40*D40,2) -> 0 | K40: =ROUND(H40*D40,2) -> 0 | L40: =ROUND(D40*F40,2)+ROUND(D40*G40,2)+ROUND(D40*H40,2) -> 0 | M40: =L40/$L$113 -> #DIV/0!
A41: 3.1.8 | B41: IMPERMEABILIZAÇÃO EM ARGAMASSA POLIMÉRICA PARA UMIDADE E ÁGUA DE PERCOLAÇÃO | C41: M2 | D41: 21 | E41: =G41+H41+F41 -> 0 | F41: ='5.A'!F754 -> 0 | G41: ='5.A'!F767 -> 0 | H41: ='5.A'!F790 -> 0 | I41: =ROUND(F41*D41,2) -> 0 | J41: =ROUND(G41*D41,2) -> 0 | K41: =ROUND(H41*D41,2) -> 0 | L41: =ROUND(D41*F41,2)+ROUND(D41*G41,2)+ROUND(D41*H41,2) -> 0 | M41: =L41/$L$113 -> #DIV/0!
A42: 3.1.9 | B42: PINTURA DE PISO COM TINTA EPÓXI, APLICAÇÃO MANUAL, 2 DEMÃOS, INCLUSO PRIMER EPÓXI | C42: M2 | D42: 21 | E42: =G42+H42+F42 -> 0 | F42: ='5.A'!F806 -> 0 | G42: ='5.A'!F819 -> 0 | H42: ='5.A'!F842 -> 0 | I42: =ROUND(F42*D42,2) -> 0 | J42: =ROUND(G42*D42,2) -> 0 | K42: =ROUND(H42*D42,2) -> 0 | L42: =ROUND(D42*F42,2)+ROUND(D42*G42,2)+ROUND(D42*H42,2) -> 0 | M42: =L42/$L$113 -> #DIV/0!
A43: 3.1.10 | B43: ESCAVAÇÃO MANUAL, ASSENTAMENTO DE TUBO PVC RÍGIDO PARA ESGOTO (INCLUSO CONEXÕES), RALO SIFONADO E REATERRO MANUAL | C43: M | D43: 10 | E43: =G43+H43+F43 -> 0 | F43: ='5.A'!F858 -> 0 | G43: ='5.A'!F871 -> 0 | H43: ='5.A'!F894 -> 0 | I43: =ROUND(F43*D43,2) -> 0 | J43: =ROUND(G43*D43,2) -> 0 | K43: =ROUND(H43*D43,2) -> 0 | L43: =ROUND(D43*F43,2)+ROUND(D43*G43,2)+ROUND(D43*H43,2) -> 0 | M43: =L43/$L$113 -> #DIV/0!
A44: 3.2 | B44: SERVIÇOS PARA PAREDES
A45: 3.2.1 | B45: REMOÇÃO DE PINTURA EXISTENTE COM LIXAMENTO | C45: M2 | D45: 38 | E45: =G45+H45+F45 -> 0 | F45: ='5.A'!F910 -> 0 | G45: ='5.A'!F923 -> 0 | H45: ='5.A'!F946 -> 0 | I45: =ROUND(F45*D45,2) -> 0 | J45: =ROUND(G45*D45,2) -> 0 | K45: =ROUND(H45*D45,2) -> 0 | L45: =ROUND(D45*F45,2)+ROUND(D45*G45,2)+ROUND(D45*H45,2) -> 0 | M45: =L45/$L$113 -> #DIV/0!
A46: 3.2.2 | B46: REVESTIMENTO CERÂMICO PARA PAREDES INTERNAS COM PLACAS TIPO ESMALTADA | C46: M2 | D46: 38 | E46: =G46+H46+F46 -> 0 | F46: ='5.A'!F962 -> 0 | G46: ='5.A'!F975 -> 0 | H46: ='5.A'!F998 -> 0 | I46: =ROUND(F46*D46,2) -> 0 | J46: =ROUND(G46*D46,2) -> 0 | K46: =ROUND(H46*D46,2) -> 0 | L46: =ROUND(D46*F46,2)+ROUND(D46*G46,2)+ROUND(D46*H46,2) -> 0 | M46: =L46/$L$113 -> #DIV/0!
A47: 3.2.3 | B47: REMOÇÃO DE JANELAS EXISTENTES | C47: M2 | D47: 5 | E47: =G47+H47+F47 -> 0 | F47: ='5.A'!F1014 -> 0 | G47: ='5.A'!F1027 -> 0 | H47: ='5.A'!F1050 -> 0 | I47: =ROUND(F47*D47,2) -> 0 | J47: =ROUND(G47*D47,2) -> 0 | K47: =ROUND(H47*D47,2) -> 0 | L47: =ROUND(D47*F47,2)+ROUND(D47*G47,2)+ROUND(D47*H47,2) -> 0 | M47: =L47/$L$113 -> #DIV/0!
A48: 3.2.4 | B48: ALVENARIA DE VEDAÇÃO COM ELEMENTO VAZADO DE CONCRETO (COBOGÓ) | C48: M2 | D48: 5 | E48: =G48+H48+F48 -> 0 | F48: ='5.A'!F1066 -> 0 | G48: ='5.A'!F1079 -> 0 | H48: ='5.A'!F1102 -> 0 | I48: =ROUND(F48*D48,2) -> 0 | J48: =ROUND(G48*D48,2) -> 0 | K48: =ROUND(H48*D48,2) -> 0 | L48: =ROUND(D48*F48,2)+ROUND(D48*G48,2)+ROUND(D48*H48,2) -> 0 | M48: =L48/$L$113 -> #DIV/0!
A49: 3.2.5 | B49: GRELHA DE RETORNO/EXAUSTÃO COM REGISTRO | C49: M2 | D49: 3 | E49: =G49+H49+F49 -> 0 | F49: ='5.A'!F1118 -> 0 | G49: ='5.A'!F1131 -> 0 | H49: ='5.A'!F1154 -> 0 | I49: =ROUND(F49*D49,2) -> 0 | J49: =ROUND(G49*D49,2) -> 0 | K49: =ROUND(H49*D49,2) -> 0 | L49: =ROUND(D49*F49,2)+ROUND(D49*G49,2)+ROUND(D49*H49,2) -> 0 | M49: =L49/$L$113 -> #DIV/0!
A51: 4.0 | B51: OBRAS CIVIS - SALA DO SATURADOR / BARRACÃO | C51: SUB-TOTAL | F51: =I51 -> 0 | G51: =J51 -> 0 | H51: =K51 -> 0 | I51: =SUM(I53:I89) -> 0 | J51: =SUM(J53:J89) -> 0 | K51: =SUM(K53:K89) -> 0 | L51: =F51+G51+H51 -> 0 | M51: =ROUND(L51/$L$113,6) -> #DIV/0!
F52: =F51/L51 -> #DIV/0! | G52: =G51/L51 -> #DIV/0! | H52: =H51/L51 -> #DIV/0! | I52: =IF(F51=I51,"SIM","NÃO") -> SIM | J52: =IF(G51=J51,"SIM","NÃO") -> SIM | K52: =IF(H51=K51,"SIM","NÃO") -> SIM
A53: 4.1 | B53: SERVIÇOS PARA PISO
A54: 4.1.1 | B54: DEMOLIÇÃO MECANIZADA DE CONCRETO ARMADO, INCLUSIVE FRAGMENTAÇÃO E ACOMODAÇÃO DO MATERIAL, INCLUSO CARGA, DESCARGA E TRANSPORTE DE MATERIAL DEMOLIDO INTERNO À OBRA | C54: M3 | D54: 2 | E54: =G54+H54+F54 -> 0 | F54: ='5.A'!F1170 -> 0 | G54: ='5.A'!F1183 -> 0 | H54: ='5.A'!F1206 -> 0 | I54: =ROUND(F54*D54,2) -> 0 | J54: =ROUND(G54*D54,2) -> 0 | K54: =ROUND(H54*D54,2) -> 0 | L54: =ROUND(D54*F54,2)+ROUND(D54*G54,2)+ROUND(D54*H54,2) -> 0 | M54: =L54/$L$113 -> #DIV/0!
A55: 4.1.2 | B55: ATERRO DE VALAS, POÇOS E CAVAS COMPACTADO MECANICAMENTE, SEM CONTROLE DO G.C. | C55: M3 | D55: 3 | E55: =G55+H55+F55 -> 0 | F55: ='5.A'!F1222 -> 0 | G55: ='5.A'!F1235 -> 0 | H55: ='5.A'!F1258 -> 0 | I55: =ROUND(F55*D55,2) -> 0 | J55: =ROUND(G55*D55,2) -> 0 | K55: =ROUND(H55*D55,2) -> 0 | L55: =ROUND(D55*F55,2)+ROUND(D55*G55,2)+ROUND(D55*H55,2) -> 0 | M55: =L55/$L$113 -> #DIV/0!
A56: 4.1.3 | B56: TRANSPORTE, CARGA E DESCARGA - SOLO | C56: M3 | D56: 3 | E56: =G56+H56+F56 -> 0 | F56: ='5.A'!F1274 -> 0 | G56: ='5.A'!F1287 -> 0 | H56: ='5.A'!F1310 -> 0 | I56: =ROUND(F56*D56,2) -> 0 | J56: =ROUND(G56*D56,2) -> 0 | K56: =ROUND(H56*D56,2) -> 0 | L56: =ROUND(D56*F56,2)+ROUND(D56*G56,2)+ROUND(D56*H56,2) -> 0 | M56: =L56/$L$113 -> #DIV/0!
A57: 4.1.4 | B57: PISO EM CONCRETO, 20MPA, ESPESSURA 15CM, COM ARMAÇÃO EM TELA SOLDADA | C57: M2 | D57: 4 | E57: =G57+H57+F57 -> 0 | F57: ='5.A'!F1326 -> 0 | G57: ='5.A'!F1339 -> 0 | H57: ='5.A'!F1362 -> 0 | I57: =ROUND(F57*D57,2) -> 0 | J57: =ROUND(G57*D57,2) -> 0 | K57: =ROUND(H57*D57,2) -> 0 | L57: =ROUND(D57*F57,2)+ROUND(D57*G57,2)+ROUND(D57*H57,2) -> 0 | M57: =L57/$L$113 -> #DIV/0!
A58: 4.1.5 | B58: ARMADURA EM AÇO CA 50 - FORNECIMENTO, CORTE, DOBRA E MONTAGEM | C58: KG | D58: 28 | E58: =G58+H58+F58 -> 0 | F58: ='5.A'!F1378 -> 0 | G58: ='5.A'!F1391 -> 0 | H58: ='5.A'!F1414 -> 0 | I58: =ROUND(F58*D58,2) -> 0 | J58: =ROUND(G58*D58,2) -> 0 | K58: =ROUND(H58*D58,2) -> 0 | L58: =ROUND(D58*F58,2)+ROUND(D58*G58,2)+ROUND(D58*H58,2) -> 0 | M58: =L58/$L$113 -> #DIV/0!
A59: 4.1.6 | B59: REMOÇÃO DE PINTURA EXISTENTE COM LIXAMENTO | C59: M2 | D59: 69 | E59: =G59+H59+F59 -> 0 | F59: ='5.A'!F1430 -> 0 | G59: ='5.A'!F1443 -> 0 | H59: ='5.A'!F1466 -> 0 | I59: =ROUND(F59*D59,2) -> 0 | J59: =ROUND(G59*D59,2) -> 0 | K59: =ROUND(H59*D59,2) -> 0 | L59: =ROUND(D59*F59,2)+ROUND(D59*G59,2)+ROUND(D59*H59,2) -> 0 | M59: =L59/$L$113 -> #DIV/0!
A60: 4.1.7 | B60: REGULARIZAÇÃO DE PISO COM NATA DE CIMENTO | C60: M2 | D60: 69 | E60: =G60+H60+F60 -> 0 | F60: ='5.A'!F1482 -> 0 | G60: ='5.A'!F1495 -> 0 | H60: ='5.A'!F1518 -> 0 | I60: =ROUND(F60*D60,2) -> 0 | J60: =ROUND(G60*D60,2) -> 0 | K60: =ROUND(H60*D60,2) -> 0 | L60: =ROUND(D60*F60,2)+ROUND(D60*G60,2)+ROUND(D60*H60,2) -> 0 | M60: =L60/$L$113 -> #DIV/0!
A61: 4.1.8 | B61: IMPERMEABILIZAÇÃO EM ARGAMASSA POLIMÉRICA PARA UMIDADE E ÁGUA DE PERCOLAÇÃO | C61: M2 | D61: 69 | E61: =G61+H61+F61 -> 0 | F61: ='5.A'!F1534 -> 0 | G61: ='5.A'!F1547 -> 0 | H61: ='5.A'!F1570 -> 0 | I61: =ROUND(F61*D61,2) -> 0 | J61: =ROUND(G61*D61,2) -> 0 | K61: =ROUND(H61*D61,2) -> 0 | L61: =ROUND(D61*F61,2)+ROUND(D61*G61,2)+ROUND(D61*H61,2) -> 0 | M61: =L61/$L$113 -> #DIV/0!
A62: 4.1.9 | B62: PINTURA DE PISO COM TINTA EPÓXI, APLICAÇÃO MANUAL, 2 DEMÃOS, INCLUSO PRIMER EPÓXI | C62: M2 | D62: 69 | E62: =G62+H62+F62 -> 0 | F62: ='5.A'!F1586 -> 0 | G62: ='5.A'!F1599 -> 0 | H62: ='5.A'!F1622 -> 0 | I62: =ROUND(F62*D62,2) -> 0 | J62: =ROUND(G62*D62,2) -> 0 | K62: =ROUND(H62*D62,2) -> 0 | L62: =ROUND(D62*F62,2)+ROUND(D62*G62,2)+ROUND(D62*H62,2) -> 0 | M62: =L62/$L$113 -> #DIV/0!
A63: 4.1.10 | B63: ESCAVAÇÃO MANUAL, ASSENTAMENTO DE TUBO PVC RÍGIDO PARA ESGOTO (INCLUSO CONEXÕES), RALO SIFONADO E REATERRO MANUAL | C63: M | D63: 10 | E63: =G63+H63+F63 -> 0 | F63: ='5.A'!F1638 -> 0 | G63: ='5.A'!F1651 -> 0 | H63: ='5.A'!F1674 -> 0 | I63: =ROUND(F63*D63,2) -> 0 | J63: =ROUND(G63*D63,2) -> 0 | K63: =ROUND(H63*D63,2) -> 0 | L63: =ROUND(D63*F63,2)+ROUND(D63*G63,2)+ROUND(D63*H63,2) -> 0 | M63: =L63/$L$113 -> #DIV/0!
A64: 4.2 | B64: CAIXA
A65: 4.2.1 | B65: DEMOLIÇÃO MECANIZADA DE CONCRETO ARMADO, INCLUSIVE FRAGMENTAÇÃO E ACOMODAÇÃO DO MATERIAL | C65: M3 | D65: 5 | E65: =G65+H65+F65 -> 0 | F65: ='5.A'!F1690 -> 0 | G65: ='5.A'!F1703 -> 0 | H65: ='5.A'!F1726 -> 0 | I65: =ROUND(F65*D65,2) -> 0 | J65: =ROUND(G65*D65,2) -> 0 | K65: =ROUND(H65*D65,2) -> 0 | L65: =ROUND(D65*F65,2)+ROUND(D65*G65,2)+ROUND(D65*H65,2) -> 0 | M65: =L65/$L$113 -> #DIV/0!
A66: 4.2.2 | B66: ESCAVAÇÃO MECANIZADA DE VALAS, EM SOLO NÃO ROCHOSO | C66: M3 | D66: 33 | E66: =G66+H66+F66 -> 0 | F66: ='5.A'!F1742 -> 0 | G66: ='5.A'!F1755 -> 0 | H66: ='5.A'!F1778 -> 0 | I66: =ROUND(F66*D66,2) -> 0 | J66: =ROUND(G66*D66,2) -> 0 | K66: =ROUND(H66*D66,2) -> 0 | L66: =ROUND(D66*F66,2)+ROUND(D66*G66,2)+ROUND(D66*H66,2) -> 0 | M66: =L66/$L$113 -> #DIV/0!
A67: 4.2.3 | B67: ATERRO DE VALAS, POÇOS E CAVAS COMPACTADO MECANICAMENTE - SEM CONTROLE G.C. | C67: M3 | D67: 9 | E67: =G67+H67+F67 -> 0 | F67: ='5.A'!F1794 -> 0 | G67: ='5.A'!F1807 -> 0 | H67: ='5.A'!F1830 -> 0 | I67: =ROUND(F67*D67,2) -> 0 | J67: =ROUND(G67*D67,2) -> 0 | K67: =ROUND(H67*D67,2) -> 0 | L67: =ROUND(D67*F67,2)+ROUND(D67*G67,2)+ROUND(D67*H67,2) -> 0 | M67: =L67/$L$113 -> #DIV/0!
A68: 4.2.4 | B68: CARGA E DESCARGA - SOLO | C68: M3 | D68: 24 | E68: =G68+H68+F68 -> 0 | F68: ='5.A'!F1846 -> 0 | G68: ='5.A'!F1859 -> 0 | H68: ='5.A'!F1882 -> 0 | I68: =ROUND(F68*D68,2) -> 0 | J68: =ROUND(G68*D68,2) -> 0 | K68: =ROUND(H68*D68,2) -> 0 | L68: =ROUND(D68*F68,2)+ROUND(D68*G68,2)+ROUND(D68*H68,2) -> 0 | M68: =L68/$L$113 -> #DIV/0!
A69: 4.2.5 | B69: TRANSPORTE DE MATERIAL ESCAVADO - SOLO | C69: M3.KM | D69: 24 | E69: =G69+H69+F69 -> 0 | F69: ='5.A'!F1898 -> 0 | G69: ='5.A'!F1911 -> 0 | H69: ='5.A'!F1934 -> 0 | I69: =ROUND(F69*D69,2) -> 0 | J69: =ROUND(G69*D69,2) -> 0 | K69: =ROUND(H69*D69,2) -> 0 | L69: =ROUND(D69*F69,2)+ROUND(D69*G69,2)+ROUND(D69*H69,2) -> 0 | M69: =L69/$L$113 -> #DIV/0!
A70: 4.2.6 | B70: LASTRO DE PEDRA BRITADA | C70: M3 | D70: 3 | E70: =G70+H70+F70 -> 0 | F70: ='5.A'!F1950 -> 0 | G70: ='5.A'!F1963 -> 0 | H70: ='5.A'!F1986 -> 0 | I70: =ROUND(F70*D70,2) -> 0 | J70: =ROUND(G70*D70,2) -> 0 | K70: =ROUND(H70*D70,2) -> 0 | L70: =ROUND(D70*F70,2)+ROUND(D70*G70,2)+ROUND(D70*H70,2) -> 0 | M70: =L70/$L$113 -> #DIV/0!
A71: 4.2.7 | B71: CONCRETO DE REGULARIZAÇÃO DE FUNDO | C71: M3 | D71: 2 | E71: =G71+H71+F71 -> 0 | F71: ='5.A'!F2002 -> 0 | G71: ='5.A'!F2015 -> 0 | H71: ='5.A'!F2038 -> 0 | I71: =ROUND(F71*D71,2) -> 0 | J71: =ROUND(G71*D71,2) -> 0 | K71: =ROUND(H71*D71,2) -> 0 | L71: =ROUND(D71*F71,2)+ROUND(D71*G71,2)+ROUND(D71*H71,2) -> 0 | M71: =L71/$L$113 -> #DIV/0!
A72: 4.2.8 | B72: FORMA PLANA DE MADEIRA | C72: M2 | D72: 36 | E72: =G72+H72+F72 -> 0 | F72: ='5.A'!F2054 -> 0 | G72: ='5.A'!F2067 -> 0 | H72: ='5.A'!F2090 -> 0 | I72: =ROUND(F72*D72,2) -> 0 | J72: =ROUND(G72*D72,2) -> 0 | K72: =ROUND(H72*D72,2) -> 0 | L72: =ROUND(D72*F72,2)+ROUND(D72*G72,2)+ROUND(D72*H72,2) -> 0 | M72: =L72/$L$113 -> #DIV/0!
A73: 4.2.9 | B73: CONCRETO ESTRUTURAL FCK = 25,0 MPA COM CIMENTO RESISTENTE A SULFATOS (RS) | C73: M3 | D73: 8 | E73: =G73+H73+F73 -> 0 | F73: ='5.A'!F2106 -> 0 | G73: ='5.A'!F2119 -> 0 | H73: ='5.A'!F2142 -> 0 | I73: =ROUND(F73*D73,2) -> 0 | J73: =ROUND(G73*D73,2) -> 0 | K73: =ROUND(H73*D73,2) -> 0 | L73: =ROUND(D73*F73,2)+ROUND(D73*G73,2)+ROUND(D73*H73,2) -> 0 | M73: =L73/$L$113 -> #DIV/0!
A74: 4.2.10 | B74: ARMADURA EM AÇO CA 50 - FORNECIMENTO, CORTE, DOBRA E MONTAGEM | C74: KG | D74: 800 | E74: =G74+H74+F74 -> 0 | F74: ='5.A'!F2158 -> 0 | G74: ='5.A'!F2171 -> 0 | H74: ='5.A'!F2194 -> 0 | I74: =ROUND(F74*D74,2) -> 0 | J74: =ROUND(G74*D74,2) -> 0 | K74: =ROUND(H74*D74,2) -> 0 | L74: =ROUND(D74*F74,2)+ROUND(D74*G74,2)+ROUND(D74*H74,2) -> 0 | M74: =L74/$L$113 -> #DIV/0!
A75: 4.2.11 | B75: IMPERMEABILIZAÇÃO EM ARGAMASSA POLIMÉRICA PARA UMIDADE E ÁGUA DE PERCOLAÇÃO | C75: M2 | D75: 39 | E75: =G75+H75+F75 -> 0 | F75: ='5.A'!F2210 -> 0 | G75: ='5.A'!F2223 -> 0 | H75: ='5.A'!F2246 -> 0 | I75: =ROUND(F75*D75,2) -> 0 | J75: =ROUND(G75*D75,2) -> 0 | K75: =ROUND(H75*D75,2) -> 0 | L75: =ROUND(D75*F75,2)+ROUND(D75*G75,2)+ROUND(D75*H75,2) -> 0 | M75: =L75/$L$113 -> #DIV/0!
A76: 4.2.12 | B76: PINTURA DE PISO COM TINTA EPÓXI, APLICAÇÃO MANUAL, 2 DEMÃOS, INCLUSO PRIMER EPÓXI | C76: M2 | D76: 21 | E76: =G76+H76+F76 -> 0 | F76: ='5.A'!F2262 -> 0 | G76: ='5.A'!F2275 -> 0 | H76: ='5.A'!F2298 -> 0 | I76: =ROUND(F76*D76,2) -> 0 | J76: =ROUND(G76*D76,2) -> 0 | K76: =ROUND(H76*D76,2) -> 0 | L76: =ROUND(D76*F76,2)+ROUND(D76*G76,2)+ROUND(D76*H76,2) -> 0 | M76: =L76/$L$113 -> #DIV/0!
A77: 4.2.13 | B77: REVESTIMENTO CERÂMICO PARA PAREDES INTERNAS COM PLACAS TIPO ESMALTADA | C77: M2 | D77: 18 | E77: =G77+H77+F77 -> 0 | F77: ='5.A'!F2314 -> 0 | G77: ='5.A'!F2327 -> 0 | H77: ='5.A'!F2350 -> 0 | I77: =ROUND(F77*D77,2) -> 0 | J77: =ROUND(G77*D77,2) -> 0 | K77: =ROUND(H77*D77,2) -> 0 | L77: =ROUND(D77*F77,2)+ROUND(D77*G77,2)+ROUND(D77*H77,2) -> 0 | M77: =L77/$L$113 -> #DIV/0!
A78: 4.2.14 | B78: GUARDA-CORPO HORIZONTAL EM FIBRA DE VIDRO | C78: M | D78: 18 | E78: =G78+H78+F78 -> 0 | F78: ='5.A'!F2366 -> 0 | G78: ='5.A'!F2379 -> 0 | H78: ='5.A'!F2402 -> 0 | I78: =ROUND(F78*D78,2) -> 0 | J78: =ROUND(G78*D78,2) -> 0 | K78: =ROUND(H78*D78,2) -> 0 | L78: =ROUND(D78*F78,2)+ROUND(D78*G78,2)+ROUND(D78*H78,2) -> 0 | M78: =L78/$L$113 -> #DIV/0!
A79: 4.2.15 | B79: ESCADA TIPO MARINHEIRO COM GUARDA CORPO EM FIBRA DE VIDRO (OU DEGRAUS) | C79: M | D79: 1 | E79: =G79+H79+F79 -> 0 | F79: ='5.A'!F2418 -> 0 | G79: ='5.A'!F2431 -> 0 | H79: ='5.A'!F2454 -> 0 | I79: =ROUND(F79*D79,2) -> 0 | J79: =ROUND(G79*D79,2) -> 0 | K79: =ROUND(H79*D79,2) -> 0 | L79: =ROUND(D79*F79,2)+ROUND(D79*G79,2)+ROUND(D79*H79,2) -> 0 | M79: =L79/$L$113 -> #DIV/0!
A80: 4.2.16 | B80: ESCAVAÇÃO MANUAL, ASSENTAMENTO DE TUBO PVC RÍGIDO PARA ESGOTO (INCLUSO CONEXÕES), RALO SIFONADO E REATERRO MANUAL | C80: M | D80: 10 | E80: =G80+H80+F80 -> 0 | F80: ='5.A'!F2470 -> 0 | G80: ='5.A'!F2483 -> 0 | H80: ='5.A'!F2506 -> 0 | I80: =ROUND(F80*D80,2) -> 0 | J80: =ROUND(G80*D80,2) -> 0 | K80: =ROUND(H80*D80,2) -> 0 | L80: =ROUND(D80*F80,2)+ROUND(D80*G80,2)+ROUND(D80*H80,2) -> 0 | M80: =L80/$L$113 -> #DIV/0!
A81: 4.3 | B81: BLOCO E FUNDAÇÃO PARA GUINDASTE
A82: 4.3.1 | B82: FORMA PLANA DE MADEIRA | C82: M2 | D82: 29 | E82: =G82+H82+F82 -> 0 | F82: ='5.A'!F2522 -> 0 | G82: ='5.A'!F2535 -> 0 | H82: ='5.A'!F2558 -> 0 | I82: =ROUND(F82*D82,2) -> 0 | J82: =ROUND(G82*D82,2) -> 0 | K82: =ROUND(H82*D82,2) -> 0 | L82: =ROUND(D82*F82,2)+ROUND(D82*G82,2)+ROUND(D82*H82,2) -> 0 | M82: =L82/$L$113 -> #DIV/0!
A83: 4.3.2 | B83: CONCRETO ESTRUTURAL FCK = 25,0 MPA COM CIMENTO RESISTENTE A SULFATOS (RS) | C83: M3 | D83: 18 | E83: =G83+H83+F83 -> 0 | F83: ='5.A'!F2574 -> 0 | G83: ='5.A'!F2587 -> 0 | H83: ='5.A'!F2610 -> 0 | I83: =ROUND(F83*D83,2) -> 0 | J83: =ROUND(G83*D83,2) -> 0 | K83: =ROUND(H83*D83,2) -> 0 | L83: =ROUND(D83*F83,2)+ROUND(D83*G83,2)+ROUND(D83*H83,2) -> 0 | M83: =L83/$L$113 -> #DIV/0!
A84: 4.3.3 | B84: ARMADURA EM AÇO CA 50 - FORNECIMENTO, CORTE, DOBRA E MONTAGEM | C84: KG | D84: 1800 | E84: =G84+H84+F84 -> 0 | F84: ='5.A'!F2626 -> 0 | G84: ='5.A'!F2639 -> 0 | H84: ='5.A'!F2662 -> 0 | I84: =ROUND(F84*D84,2) -> 0 | J84: =ROUND(G84*D84,2) -> 0 | K84: =ROUND(H84*D84,2) -> 0 | L84: =ROUND(D84*F84,2)+ROUND(D84*G84,2)+ROUND(D84*H84,2) -> 0 | M84: =L84/$L$113 -> #DIV/0!
A85: 4.3.4 | B85: TAXA DE MOBILIZAÇÃO E DESMOBILIZAÇÃO DE EQUIPAMENTOS PARA EXECUÇÃO DE ESTACA ESCAVADA | C85: TX | D85: 1 | E85: =G85+H85+F85 -> 0 | F85: ='5.A'!F2678 -> 0 | G85: ='5.A'!F2691 -> 0 | H85: ='5.A'!F2714 -> 0 | I85: =ROUND(F85*D85,2) -> 0 | J85: =ROUND(G85*D85,2) -> 0 | K85: =ROUND(H85*D85,2) -> 0 | L85: =ROUND(D85*F85,2)+ROUND(D85*G85,2)+ROUND(D85*H85,2) -> 0 | M85: =L85/$L$113 -> #DIV/0!
A86: 4.3.5 | B86: ESTACA ESCAVADA MECANICAMENTE, DIÂMETRO DE 25CM | C86: M | D86: 48 | E86: =G86+H86+F86 -> 0 | F86: ='5.A'!F2730 -> 0 | G86: ='5.A'!F2743 -> 0 | H86: ='5.A'!F2766 -> 0 | I86: =ROUND(F86*D86,2) -> 0 | J86: =ROUND(G86*D86,2) -> 0 | K86: =ROUND(H86*D86,2) -> 0 | L86: =ROUND(D86*F86,2)+ROUND(D86*G86,2)+ROUND(D86*H86,2) -> 0 | M86: =L86/$L$113 -> #DIV/0!
A87: 4.4 | B87: SERVIÇOS PARA PAREDES
A88: 4.4.1 | B88: REMOÇÃO DE PINTURA EXISTENTE COM LIXAMENTO | C88: M2 | D88: 74 | E88: =G88+H88+F88 -> 0 | F88: ='5.A'!F2782 -> 0 | G88: ='5.A'!F2795 -> 0 | H88: ='5.A'!F2818 -> 0 | I88: =ROUND(F88*D88,2) -> 0 | J88: =ROUND(G88*D88,2) -> 0 | K88: =ROUND(H88*D88,2) -> 0 | L88: =ROUND(D88*F88,2)+ROUND(D88*G88,2)+ROUND(D88*H88,2) -> 0 | M88: =L88/$L$113 -> #DIV/0!
A89: 4.4.2 | B89: REVESTIMENTO CERÂMICO PARA PAREDES INTERNAS COM PLACAS TIPO ESMALTADA | C89: M2 | D89: 74 | E89: =G89+H89+F89 -> 0 | F89: ='5.A'!F2834 -> 0 | G89: ='5.A'!F2847 -> 0 | H89: ='5.A'!F2870 -> 0 | I89: =ROUND(F89*D89,2) -> 0 | J89: =ROUND(G89*D89,2) -> 0 | K89: =ROUND(H89*D89,2) -> 0 | L89: =ROUND(D89*F89,2)+ROUND(D89*G89,2)+ROUND(D89*H89,2) -> 0 | M89: =L89/$L$113 -> #DIV/0!
A91: 5.0 | B91: OBRAS CIVIS - BACIA DE CONTENÇÃO | C91: SUB-TOTAL | F91: =I91 -> 0 | G91: =J91 -> 0 | H91: =K91 -> 0 | I91: =SUM(I94:I104) -> 0 | J91: =SUM(J94:J104) -> 0 | K91: =SUM(K94:K104) -> 0 | L91: =F91+G91+H91 -> 0 | M91: =ROUND(L91/$L$113,6) -> #DIV/0!
F92: =F91/L91 -> #DIV/0! | G92: =G91/L91 -> #DIV/0! | H92: =H91/L91 -> #DIV/0! | I92: =IF(F91=I91,"SIM","NÃO") -> SIM | J92: =IF(G91=J91,"SIM","NÃO") -> SIM | K92: =IF(H91=K91,"SIM","NÃO") -> SIM
A93: 5.1 | B93: SERVIÇOS PARA PISO
A94: 5.1.1 | B94: DEMOLIÇÃO MECANIZADA DE CONCRETO ARMADO, INCLUSIVE FRAGMENTAÇÃO E ACOMODAÇÃO DO MATERIAL, INCLUSO CARGA, DESCARGA E TRANSPORTE DE MATERIAL DEMOLIDO INTERNO À OBRA | C94: M3 | D94: 2 | E94: =G94+H94+F94 -> 0 | F94: ='5.A'!F2886 -> 0 | G94: ='5.A'!F2899 -> 0 | H94: ='5.A'!F2922 -> 0 | I94: =ROUND(F94*D94,2) -> 0 | J94: =ROUND(G94*D94,2) -> 0 | K94: =ROUND(H94*D94,2) -> 0 | L94: =ROUND(D94*F94,2)+ROUND(D94*G94,2)+ROUND(D94*H94,2) -> 0 | M94: =L94/$L$113 -> #DIV/0!
A95: 5.1.2 | B95: PISO EM CONCRETO, 20MPA, ESPESSURA 15CM, COM ARMAÇÃO EM TELA SOLDADA | C95: M2 | D95: 3 | E95: =G95+H95+F95 -> 0 | F95: ='5.A'!F2938 -> 0 | G95: ='5.A'!F2951 -> 0 | H95: ='5.A'!F2974 -> 0 | I95: =ROUND(F95*D95,2) -> 0 | J95: =ROUND(G95*D95,2) -> 0 | K95: =ROUND(H95*D95,2) -> 0 | L95: =ROUND(D95*F95,2)+ROUND(D95*G95,2)+ROUND(D95*H95,2) -> 0 | M95: =L95/$L$113 -> #DIV/0!
A96: 5.1.3 | B96: ARMADURA EM AÇO CA 50 - FORNECIMENTO, CORTE, DOBRA E MONTAGEM | C96: KG | D96: 21 | E96: =G96+H96+F96 -> 0 | F96: ='5.A'!F2990 -> 0 | G96: ='5.A'!F3003 -> 0 | H96: ='5.A'!F3026 -> 0 | I96: =ROUND(F96*D96,2) -> 0 | J96: =ROUND(G96*D96,2) -> 0 | K96: =ROUND(H96*D96,2) -> 0 | L96: =ROUND(D96*F96,2)+ROUND(D96*G96,2)+ROUND(D96*H96,2) -> 0 | M96: =L96/$L$113 -> #DIV/0!
A97: 5.1.4 | B97: REMOÇÃO DE PINTURA EXISTENTE COM LIXAMENTO | C97: M2 | D97: 41 | E97: =G97+H97+F97 -> 0 | F97: ='5.A'!F3042 -> 0 | G97: ='5.A'!F3055 -> 0 | H97: ='5.A'!F3078 -> 0 | I97: =ROUND(F97*D97,2) -> 0 | J97: =ROUND(G97*D97,2) -> 0 | K97: =ROUND(H97*D97,2) -> 0 | L97: =ROUND(D97*F97,2)+ROUND(D97*G97,2)+ROUND(D97*H97,2) -> 0 | M97: =L97/$L$113 -> #DIV/0!
A98: 5.1.5 | B98: REGULARIZAÇÃO DE PISO COM NATA DE CIMENTO | C98: M2 | D98: 41 | E98: =G98+H98+F98 -> 0 | F98: ='5.A'!F3094 -> 0 | G98: ='5.A'!F3107 -> 0 | H98: ='5.A'!F3130 -> 0 | I98: =ROUND(F98*D98,2) -> 0 | J98: =ROUND(G98*D98,2) -> 0 | K98: =ROUND(H98*D98,2) -> 0 | L98: =ROUND(D98*F98,2)+ROUND(D98*G98,2)+ROUND(D98*H98,2) -> 0 | M98: =L98/$L$113 -> #DIV/0!
A99: 5.1.6 | B99: IMPERMEABILIZAÇÃO EM ARGAMASSA POLIMÉRICA PARA UMIDADE E ÁGUA DE PERCOLAÇÃO | C99: M2 | D99: 41 | E99: =G99+H99+F99 -> 0 | F99: ='5.A'!F3146 -> 0 | G99: ='5.A'!F3159 -> 0 | H99: ='5.A'!F3182 -> 0 | I99: =ROUND(F99*D99,2) -> 0 | J99: =ROUND(G99*D99,2) -> 0 | K99: =ROUND(H99*D99,2) -> 0 | L99: =ROUND(D99*F99,2)+ROUND(D99*G99,2)+ROUND(D99*H99,2) -> 0 | M99: =L99/$L$113 -> #DIV/0!
A100: 5.1.7 | B100: PINTURA DE PISO COM TINTA EPÓXI, APLICAÇÃO MANUAL, 2 DEMÃOS, INCLUSO PRIMER EPÓXI | C100: M2 | D100: 41 | E100: =G100+H100+F100 -> 0 | F100: ='5.A'!F3198 -> 0 | G100: ='5.A'!F3211 -> 0 | H100: ='5.A'!F3234 -> 0 | I100: =ROUND(F100*D100,2) -> 0 | J100: =ROUND(G100*D100,2) -> 0 | K100: =ROUND(H100*D100,2) -> 0 | L100: =ROUND(D100*F100,2)+ROUND(D100*G100,2)+ROUND(D100*H100,2) -> 0 | M100: =L100/$L$113 -> #DIV/0!
A101: 5.1.8 | B101: ESCAVAÇÃO MANUAL, ASSENTAMENTO DE TUBO PVC RÍGIDO PARA ESGOTO (INCLUSO CONEXÕES), RALO SIFONADO E REATERRO MANUAL | C101: M | D101: 10 | E101: =G101+H101+F101 -> 0 | F101: ='5.A'!F3250 -> 0 | G101: ='5.A'!F3263 -> 0 | H101: ='5.A'!F3286 -> 0 | I101: =ROUND(F101*D101,2) -> 0 | J101: =ROUND(G101*D101,2) -> 0 | K101: =ROUND(H101*D101,2) -> 0 | L101: =ROUND(D101*F101,2)+ROUND(D101*G101,2)+ROUND(D101*H101,2) -> 0 | M101: =L101/$L$113 -> #DIV/0!
A102: 5.2 | B102: SERVIÇOS PARA PAREDES
A103: 5.2.1 | B103: REMOÇÃO DE PINTURA EXISTENTE COM LIXAMENTO | C103: M2 | D103: 26 | E103: =G103+H103+F103 -> 0 | F103: ='5.A'!F3302 -> 0 | G103: ='5.A'!F3315 -> 0 | H103: ='5.A'!F3338 -> 0 | I103: =ROUND(F103*D103,2) -> 0 | J103: =ROUND(G103*D103,2) -> 0 | K103: =ROUND(H103*D103,2) -> 0 | L103: =ROUND(D103*F103,2)+ROUND(D103*G103,2)+ROUND(D103*H103,2) -> 0 | M103: =L103/$L$113 -> #DIV/0!
A104: 5.2.2 | B104: PINTURA DE PISO COM TINTA EPÓXI, APLICAÇÃO MANUAL, 2 DEMÃOS, INCLUSO PRIMER EPÓXI | C104: M2 | D104: 26 | E104: =G104+H104+F104 -> 0 | F104: ='5.A'!F3354 -> 0 | G104: ='5.A'!F3367 -> 0 | H104: ='5.A'!F3390 -> 0 | I104: =ROUND(F104*D104,2) -> 0 | J104: =ROUND(G104*D104,2) -> 0 | K104: =ROUND(H104*D104,2) -> 0 | L104: =ROUND(D104*F104,2)+ROUND(D104*G104,2)+ROUND(D104*H104,2) -> 0 | M104: =L104/$L$113 -> #DIV/0!
A106: 6.0 | B106: PARTE EXTERNA (GERADOR E GUINDASTE) | C106: SUB-TOTAL | F106: =I106 -> 0 | G106: =J106 -> 0 | H106: =K106 -> 0 | I106: =SUM(I109:I111) -> 0 | J106: =SUM(J109:J111) -> 0 | K106: =SUM(K109:K111) -> 0 | L106: =F106+G106+H106 -> 0 | M106: =ROUND(L106/$L$113,6) -> #DIV/0!
F107: =F106/L106 -> #DIV/0! | G107: =G106/L106 -> #DIV/0! | H107: =H106/L106 -> #DIV/0! | I107: =IF(F106=I106,"SIM","NÃO") -> SIM | J107: =IF(G106=J106,"SIM","NÃO") -> SIM | K107: =IF(H106=K106,"SIM","NÃO") -> SIM
A108: 6.1 | B108: OBRAS DIVERSAS - SERVIÇOS TOTAIS
A109: 6.1.1 | B109: SISTEMA COMPLETO GERADOR DE SOLUÇÃO OXIDANTE - PLANTA DE GERAÇÃO DE SOLUÇÃO OXIDANTE - 500 KG/DIA (FORNECIMENTO, INSTALAÇÃO, COMISSIONAMENTO, STARUP E TREINAMENTO) | C109: UN | D109: 1 | E109: =G109+H109+F109 -> 0 | F109: ='5.A'!F3406 -> 0 | G109: ='5.A'!F3419 -> 0 | H109: ='5.A'!F3442 -> 0 | I109: =ROUND(F109*D109,2) -> 0 | J109: =ROUND(G109*D109,2) -> 0 | K109: =ROUND(H109*D109,2) -> 0 | L109: =ROUND(D109*F109,2)+ROUND(D109*G109,2)+ROUND(D109*H109,2) -> 0 | M109: =L109/$L$113 -> #DIV/0!
A110: 6.1.2 | B110: GUINDASTE GIRATÓRIO DE COLUNA COM GIRO MOTORIZADO (FORNECIMENTO) | C110: UN | D110: 1 | E110: =G110+H110+F110 -> 0 | F110: ='5.A'!F3458 -> 0 | G110: ='5.A'!F3471 -> 0 | H110: ='5.A'!F3494 -> 0 | I110: =ROUND(F110*D110,2) -> 0 | J110: =ROUND(G110*D110,2) -> 0 | K110: =ROUND(H110*D110,2) -> 0 | L110: =ROUND(D110*F110,2)+ROUND(D110*G110,2)+ROUND(D110*H110,2) -> 0 | M110: =L110/$L$113 -> #DIV/0!
A111: 6.1.3 | B111: GUINDASTE GIRATÓRIO DE COLUNA COM GIRO MOTORIZADO (INSTALAÇÃO, COMISSIONAMENTO, STARTUP E TREINAMENTO) | C111: UN | D111: 1 | E111: =G111+H111+F111 -> 0 | F111: ='5.A'!F3510 -> 0 | G111: ='5.A'!F3523 -> 0 | H111: ='5.A'!F3546 -> 0 | I111: =ROUND(F111*D111,2) -> 0 | J111: =ROUND(G111*D111,2) -> 0 | K111: =ROUND(H111*D111,2) -> 0 | L111: =ROUND(D111*F111,2)+ROUND(D111*G111,2)+ROUND(D111*H111,2) -> 0 | M111: =L111/$L$113 -> #DIV/0!
A113: TOTAL GERAL | L113: =ROUND(L16+L24+L31+L51+L91+L106,2) -> 0 | M113: =ROUND((M16++M24+M31+M51+M91+M106),6) -> #DIV/0!
A114: TOTAL DE MÃO DE OBRA | L114: =F16+F24+F31+F51+F91+F106 -> 0 | M114: =ROUND(L114/L113,5) -> #DIV/0!
...

Sheet 4.A
A1: ='3.A'!$A$1 -> TIMBRE LICITANTE
A5: ANEXO 4.A - CRONOGRAMA FÍSICO-FINANCEIRO - LICITANTE
A7: ='3.A'!$A$8 -> AQUISIÇÃO DE SISTEMA COMPLETO DE GERADOR DE SOLUÇÃO OXIDANTE A BASE DE HIPOCLORITO DE SÓDIO PARA DESINFECÇÃO DO EFLUENTE NA ESTAÇÃO DE TRATAMENTO DE ESGOTO (ETE RIO PRETO), INCLUSO FORNECIMENTO DE EQUIPAMENTOS, MATERIAIS E OS SERVIÇOS DE OBRA CIVIL PARA ADEQUAÇÃO NECESSÁRIA AO SISTEMA, INSTALAÇÃO, START-UP E TREINAMENTO OPERACIONAL. | D7: MÊS 1 | G7: MÊS 2 | J7: MÊS 3 | M7: MÊS 4 | P7: MÊS 5
D8: M.O. | E8: SERV. | F8: MAT. | G8: M.O. | H8: SERV. | I8: MAT. | J8: M.O. | K8: SERV. | L8: MAT. | M8: M.O. | N8: SERV. | O8: MAT. | P8: M.O. | Q8: SERV. | R8: MAT. | AB8: MO | AC8: SERV | AD8: MAT
A9: ='3.A'!$A$16 -> 1.0 | B9: ='3.A'!$B$16 -> CANTEIRO DE OBRAS | C9: ='3.A'!$L$16 -> 0 | D9: =D10+E10+F10 -> #DIV/0! | G9: =G10+H10+I10 -> #DIV/0! | J9: =J10+K10+L10 -> #DIV/0! | M9: =M10+N10+O10 -> #DIV/0! | P9: =P10+Q10+R10 -> #DIV/0! | S9: =SUM(D10:R10) -> #DIV/0! | U9: CANTEIRO | V9: MÊS 1 | W9: MÊS 2 | X9: MÊS 3 | Y9: MÊS 4 | Z9: MÊS 5 | AB9: =D10+G10+J10+M10+P10 -> #DIV/0! | AC9: =E10+H10+K10+N10+Q10 -> #DIV/0! | AD9: =F10+I10+L10+O10+R10 -> #DIV/0!
D10: =ROUND('3.A'!$I$18+($V$10*'3.A'!$I$19)+'3.A'!$I$21+'3.A'!$I$22,2) -> #DIV/0! | E10: =ROUND('3.A'!$J$18+($V$10*'3.A'!$J$19)+'3.A'!$J$21+'3.A'!$J$22,2) -> #DIV/0! | F10: =ROUND('3.A'!$K$18+($V$10*'3.A'!$K$19)+'3.A'!$K$21+'3.A'!$K$22,2) -> #DIV/0! | G10: =ROUND($W$10*'3.A'!$I$19,2) -> #DIV/0! | H10: =ROUND($W$10*'3.A'!$J$19,2) -> #DIV/0! | I10: =ROUND($W$10*'3.A'!$K$19,2) -> #DIV/0! | J10: =ROUND($X$10*'3.A'!$I$19,2) -> #DIV/0! | K10: =ROUND($X$10*'3.A'!$J$19,2) -> #DIV/0! | L10: =ROUND($X$10*'3.A'!$K$19,2) -> #DIV/0! | M10: =ROUND($Y$10*'3.A'!$I$19,2) -> #DIV/0! | N10: =ROUND($Y$10*'3.A'!$J$19,2) -> #DIV/0! | O10: =ROUND($Y$10*'3.A'!$K$19,2) -> #DIV/0! | P10: =ROUND('3.A'!$I$16-'4.A'!D10-'4.A'!G10-'4.A'!J10-'4.A'!M10,2) -> #DIV/0! | Q10: =ROUND('3.A'!$J$16-'4.A'!E10-'4.A'!H10-'4.A'!K10-'4.A'!N10,2) -> #DIV/0! | R10: =ROUND('3.A'!$K$16-'4.A'!F10-'4.A'!I10-'4.A'!L10-'4.A'!O10,2) -> #DIV/0! | V10: =(D12+D15+D18+D21+D24)/(+$C$12+$C$15+$C$18+$C$21+$C$24) -> #DIV/0! | W10: =(G12+G15+G18+G21+G24)/($C$12+$C$15+$C$18+$C$21+$C$24) -> #DIV/0! | X10: =(J12+J15+J18+J21+J24)/($C$12+$C$15+$C$18+$C$21+$C$24) -> #DIV/0! | Y10: =(M12+M15+M18+M21+M24)/($C$12+$C$15+$C$18+$C$21+$C$24) -> #DIV/0! | Z10: =(P12+P15+P18+P21+P24)/($C$12+$C$15+$C$18+$C$21+$C$24) -> #DIV/0! | AB10: =AB9='3.A'!#REF! -> #DIV/0! | AC10: =AC9='3.A'!#REF! -> #DIV/0! | AD10: =AD9='3.A'!#REF! -> #DIV/0!
C11: =C9/$C$28 -> #DIV/0! | D11: =D9/$C$9 -> #DIV/0! | G11: =G9/$C$9 -> #DIV/0! | J11: =J9/$C$9 -> #DIV/0! | M11: =M9/$C$9 -> #DIV/0! | P11: =P9/$C$9 -> #DIV/0! | S11: =S9/C9 -> #DIV/0!
A12: ='3.A'!$A$24 -> 2.0 | B12: ='3.A'!$B$24 -> SERVIÇOS TÉCNICOS E PRELIMINARES | C12: ='3.A'!$L$24 -> 0 | D12: =D13+E13+F13 -> 0 | G12: =G13+H13+I13 -> 0 | J12: =J13+K13+L13 -> 0 | M12: =M13+N13+O13 -> 0 | P12: =P13+Q13+R13 -> 0 | S12: =SUM(D13:R13) -> 0 | AB12: =D13+G13+J13+M13+P13 -> 0 | AC12: =E13+H13+K13+N13+Q13 -> 0 | AD12: =F13+I13+L13+O13+R13 -> 0
D13: =ROUND('3.A'!$F$24,2) -> 0 | E13: 0 | F13: 0 | G13: 0 | H13: =ROUND('3.A'!$G$24,2) -> 0 | I13: =ROUND((0.025*'3.A'!$H$27)+(SUM('3.A'!$K$29:$K$29)*0.25),2) -> 0 | J13: 0 | K13: 0 | L13: 0 | M13: 0 | N13: 0 | O13: 0 | P13: 0 | Q13: 0 | R13: 0 | AB13: =AB12='3.A'!#REF! -> #REF! | AC13: =AC12='3.A'!#REF! -> #REF! | AD13: =AD12='3.A'!#REF! -> #REF!
C14: =C12/$C$28 -> #DIV/0! | D14: =D12/$C$12 -> #DIV/0! | G14: =G12/$C$12 -> #DIV/0! | J14: =J12/$C$12 -> #DIV/0! | M14: =M12/$C$12 -> #DIV/0! | P14: =P12/$C$12 -> #DIV/0! | S14: =S12/C12 -> #DIV/0!
A15: ='3.A'!$A$31 -> 3.0 | B15: ='3.A'!$B$31 -> OBRAS CIVIS - SALA DAS FONTES | C15: ='3.A'!$L$31 -> 0 | D15: =D16+E16+F16 -> 0 | G15: =G16+H16+I16 -> 0 | J15: =J16+K16+L16 -> 0 | M15: =M16+N16+O16 -> 0 | P15: =P16+Q16+R16 -> 0 | S15: =SUM(D16:R16) -> 0 | AB15: =D16+G16+J16+M16+P16 -> 0 | AC15: =E16+H16+K16+N16+Q16 -> 0 | AD15: =F16+I16+L16+O16+R16 -> 0
D16: =ROUND(0.4*'3.A'!$F$31,2) -> 0 | E16: =ROUND(0.4*'3.A'!$G$31,2) -> 0 | F16: =ROUND(0.4*'3.A'!$H$31,2) -> 0 | G16: =ROUND(0.4*'3.A'!$F$31,2) -> 0 | H16: =ROUND(0.4*'3.A'!$G$31,2) -> 0 | I16: =ROUND(0.4*'3.A'!$H$31,2) -> 0 | J16: =ROUND('3.A'!$F$31-D16-G16,2) -> 0 | K16: =ROUND('3.A'!$G$31-E16-H16,2) -> 0 | L16: =ROUND('3.A'!$H$31-F16-I16,2) -> 0 | M16: 0 | N16: 0 | O16: 0 | P16: 0 | Q16: 0 | R16: 0 | AB16: =AB15='3.A'!#REF! -> #REF! | AC16: =AC15='3.A'!#REF! -> #REF! | AD16: =AD15='3.A'!#REF! -> #REF!
C17: =C15/$C$28 -> #DIV/0! | D17: =D15/$C$15 -> #DIV/0! | G17: =G15/$C$15 -> #DIV/0! | J17: =J15/$C$15 -> #DIV/0! | M17: =M15/$C$15 -> #DIV/0! | P17: =P15/$C$15 -> #DIV/0! | S17: =S15/C15 -> #DIV/0!
A18: ='3.A'!$A$51 -> 4.0 | B18: ='3.A'!$B$51 -> OBRAS CIVIS - SALA DO SATURADOR / BARRACÃO | C18: ='3.A'!$L$51 -> 0 | D18: =D19+E19+F19 -> 0 | G18: =G19+H19+I19 -> 0 | J18: =J19+K19+L19 -> 0 | M18: =M19+N19+O19 -> 0 | P18: =P19+Q19+R19 -> 0 | S18: =SUM(D19:R19) -> 0 | AB18: =D19+G19+J19+M19+P19 -> 0 | AC18: =E19+H19+K19+N19+Q19 -> 0 | AD18: =F19+I19+L19+O19+R19 -> 0
D19: =ROUND(0.4*'3.A'!$F$51,2) -> 0 | E19: =ROUND(0.4*'3.A'!$G$51,2) -> 0 | F19: =ROUND(0.4*'3.A'!$H$51,2) -> 0 | G19: =ROUND(0.4*'3.A'!$F$51,2) -> 0 | H19: =ROUND(0.4*'3.A'!$G$51,2) -> 0 | I19: =ROUND(0.4*'3.A'!$H$51,2) -> 0 | J19: =ROUND('3.A'!$F$51-D19-G19,2) -> 0 | K19: =ROUND('3.A'!$G$51-E19-H19,2) -> 0 | L19: =ROUND('3.A'!$H$51-F19-I19,2) -> 0 | M19: 0 | N19: 0 | O19: 0 | P19: 0 | Q19: 0 | R19: 0 | AB19: =AB18='3.A'!#REF! -> #REF! | AC19: =AC18='3.A'!#REF! -> #REF! | AD19: =AD18='3.A'!#REF! -> #REF!
C20: =C18/$C$28 -> #DIV/0! | D20: =D18/$C$18 -> #DIV/0! | G20: =G18/$C$18 -> #DIV/0! | J20: =J18/$C$18 -> #DIV/0! | M20: =M18/$C$18 -> #DIV/0! | P20: =P18/$C$18 -> #DIV/0! | S20: =S18/C18 -> #DIV/0!
A21: ='3.A'!$A$91 -> 5.0 | B21: ='3.A'!$B$91 -> OBRAS CIVIS - BACIA DE CONTENÇÃO | C21: ='3.A'!$L$91 -> 0 | D21: =D22+E22+F22 -> 0 | G21: =G22+H22+I22 -> 0 | J21: =J22+K22+L22 -> 0 | M21: =M22+N22+O22 -> 0 | P21: =P22+Q22+R22 -> 0 | S21: =SUM(D22:R22) -> 0 | AB21: =D22+G22+J22+M22+P22 -> 0 | AC21: =E22+H22+K22+N22+Q22 -> 0 | AD21: =F22+I22+L22+O22+R22 -> 0
D22: =ROUND(0.4*'3.A'!$F$91,2) -> 0 | E22: =ROUND(0.4*'3.A'!$G$91,2) -> 0 | F22: =ROUND(0.4*'3.A'!$H$91,2) -> 0 | G22: =ROUND(0.4*'3.A'!$F$91,2) -> 0 | H22: =ROUND(0.4*'3.A'!$G$91,2) -> 0 | I22: =ROUND(0.4*'3.A'!$H$91,2) -> 0 | J22: =ROUND('3.A'!$F$91-D22-G22,2) -> 0 | K22: =ROUND('3.A'!$G$91-E22-H22,2) -> 0 | L22: =ROUND('3.A'!$H$91-F22-I22,2) -> 0 | M22: 0 | N22: 0 | O22: 0 | P22: 0 | Q22: 0 | R22: 0 | AB22: =AB21='3.A'!#REF! -> #REF! | AC22: =AC21='3.A'!#REF! -> #REF! | AD22: =AD21='3.A'!#REF! -> #REF!
C23: =C21/$C$28 -> #DIV/0! | D23: =D21/$C$21 -> #DIV/0! | G23: =G21/$C$21 -> #DIV/0! | J23: =J21/$C$21 -> #DIV/0! | M23: =M21/$C$21 -> #DIV/0! | P23: =P21/$C$21 -> #DIV/0! | S23: =S21/C21 -> #DIV/0!
A24: ='3.A'!$A$106 -> 6.0 | B24: ='3.A'!$B$106 -> PARTE EXTERNA (GERADOR E GUINDASTE) | C24: ='3.A'!$L$106 -> 0 | D24: =D25+E25+F25 -> 0 | G24: =G25+H25+I25 -> 0 | J24: =J25+K25+L25 -> 0 | M24: =M25+N25+O25 -> 0 | P24: =P25+Q25+R25 -> 0 | S24: =SUM(D25:R25) -> 0 | AB24: =D25+G25+J25+M25+P25 -> 0 | AC24: =E25+H25+K25+N25+Q25 -> 0 | AD24: =F25+I25+L25+O25+R25 -> 0
D25: 0 | E25: 0 | F25: 0 | G25: 0 | H25: =ROUND(0.25*'3.A'!$G$106,2) -> 0 | I25: =ROUND(0.25*'3.A'!$H$106,2) -> 0 | J25: 0 | K25: =ROUND(0.25*'3.A'!$G$106,2) -> 0 | L25: =ROUND(0.25*'3.A'!$H$106,2) -> 0 | M25: 0 | N25: =ROUND(0.25*'3.A'!$G$106,2) -> 0 | O25: =ROUND(0.25*'3.A'!$H$106,2) -> 0 | P25: 0 | Q25: =ROUND('3.A'!$G$106-H25-K25-N25,2) -> 0 | R25: =ROUND('3.A'!$H$106-I25-L25-O25,2) -> 0 | AB25: =AB24='3.A'!#REF! -> #REF! | AC25: =AC24='3.A'!#REF! -> #REF! | AD25: =AD24='3.A'!#REF! -> #REF!
C26: =C24/$C$28 -> #DIV/0! | D26: =D24/$C$24 -> #DIV/0! | G26: =G24/$C$24 -> #DIV/0! | J26: =J24/$C$24 -> #DIV/0! | M26: =M24/$C$24 -> #DIV/0! | P26: =P24/$C$24 -> #DIV/0! | S26: =S24/C24 -> #DIV/0!
B28: MEDIÇÃO MENSAL | C28: =ROUND(C9+C12+C15+C18+C21+C24,2) -> 0 | D28: =D29+E29+F29 -> #DIV/0! | G28: =ROUND(G29+H29+I29,2) -> #DIV/0! | J28: =ROUND(J29+K29+L29,2) -> #DIV/0! | M28: =ROUND(M29+N29+O29,2) -> #DIV/0! | P28: =ROUND(P29+Q29+R29,2) -> #DIV/0! | S28: =ROUND(S9+S12+S15+S18+S21+S24,2) -> #DIV/0!
D29: =D10+D13+D16+D19++D22+D25 -> #DIV/0! | E29: =E10+E13+E16+E19+E22+E25 -> #DIV/0! | F29: =F10+F13+F16+F19+F22+F25 -> #DIV/0! | G29: =G10+G13+G16+G19++G22+G25 -> #DIV/0! | H29: =H10+H13+H16+H19+H22+H25 -> #DIV/0! | I29: =I10+I13+I16+I19+I22+I25 -> #DIV/0! | J29: =J10+J13+J16+J19++J22+J25 -> #DIV/0! | K29: =K10+K13+K16+K19+K22+K25 -> #DIV/0! | L29: =L10+L13+L16+L19+L22+L25 -> #DIV/0! | M29: =M10+M13+M16+M19++M22+M25 -> #DIV/0! | N29: =N10+N13+N16+N19+N22+N25 -> #DIV/0! | O29: =O10+O13+O16+O19+O22+O25 -> #DIV/0! | P29: =P10+P13+P16+P19++P22+P25 -> #DIV/0! | Q29: =Q10+Q13+Q16+Q19+Q22+Q25 -> #DIV/0! | R29: =R10+R13+R16+R19+R22+R25 -> #DIV/0!
C30: =C11+C14+C17+C20+C23+C26 -> #DIV/0! | D30: =ROUND(D28/$C$28,6) -> #DIV/0! | G30: =ROUND(G28/$C$28,6) -> #DIV/0! | J30: =ROUND(J28/$C$28,6) -> #DIV/0! | M30: =ROUND(M28/$C$28,6) -> #DIV/0! | P30: =ROUND(P28/$C$28,6) -> #DIV/0! | S30: =ROUND(D30+J30+G30+M30+P30,6) -> #DIV/0!
B32: MEDIÇÕES MENSAIS ACUMULADAS | C32: R$ | D32: =D28 -> #DIV/0! | G32: =D32+G28 -> #DIV/0! | J32: =G32+J28 -> #DIV/0! | M32: =J32+M28 -> #DIV/0! | P32: =M32+P28 -> #DIV/0!
B33: MEDIÇÕES MENSAIS ACUMULADAS | C33: R$ | D33: =D29 -> #DIV/0! | E33: =E29 -> #DIV/0! | F33: =F29 -> #DIV/0! | G33: =D33+G29 -> #DIV/0! | H33: =E33+H29 -> #DIV/0! | I33: =F33+I29 -> #DIV/0! | J33: =G33+J29 -> #DIV/0! | K33: =H33+K29 -> #DIV/0! | L33: =I33+L29 -> #DIV/0! | M33: =J33+M29 -> #DIV/0! | N33: =K33+N29 -> #DIV/0! | ... R33: =O33+R29 -> #DIV/0!
B34: SALDO CONTRATUAL | C34: R$ | D34: =ROUND($C$28-D32,2) -> #DIV/0! | G34: =ROUND($C$28-G32,2) -> #DIV/0! | J34: =ROUND($C$28-J32,2) -> #DIV/0! | M34: =ROUND($C$28-M32,2) -> #DIV/0! | P34: =ROUND($C$28-P32,2) -> #DIV/0!
B35: SALDO CONTRATUAL | C35: R$ | D35: =ROUND('3.A'!$L$114-'4.A'!D33,2) -> #DIV/0! | E35: =ROUND('3.A'!$L$115-'4.A'!E33,2) -> #DIV/0! | F35: =ROUND('3.A'!$L$116-'4.A'!F33,2) -> #DIV/0! | G35: =ROUND('3.A'!$L$114-'4.A'!G33,2) -> #DIV/0! | H35: =ROUND('3.A'!$L$115-'4.A'!H33,2) -> #DIV/0! | I35: =ROUND('3.A'!$L$116-'4.A'!I33,2) -> #DIV/0! | J35: =ROUND('3.A'!$L$114-'4.A'!J33,2) -> #DIV/0! | K35: =ROUND('3.A'!$L$115-'4.A'!K33,2) -> #DIV/0! | L35: =ROUND('3.A'!$L$116-'4.A'!L33,2) -> #DIV/0! | M35: =ROUND('3.A'!$L$114-'4.A'!M33,2) -> #DIV/0! | N35: =ROUND('3.A'!$L$115-'4.A'!N33,2) -> #DIV/0! | O35: =ROUND('3.A'!$L$116-'4.A'!O33,2) -> #DIV/0! | P35: =ROUND('3.A'!$L$114-'4.A'!P33,2) -> #DIV/0! | Q35: =ROUND('3.A'!$L$115-'4.A'!Q33,2) -> #DIV/0! | R35: =ROUND('3.A'!$L$116-'4.A'!R33,2) -> #DIV/0!

Sheet 5.A
A1: ='3.A'!$A$1 -> TIMBRE LICITANTE
A7: ='3.A'!$A$8 -> AQUISIÇÃO DE SISTEMA COMPLETO DE GERADOR DE SOLUÇÃO OXIDANTE A BASE DE HIPOCLORITO DE SÓDIO PARA DESINFECÇÃO DO EFLUENTE NA ESTAÇÃO DE TRATAMENTO DE ESGOTO (ETE RIO PRETO), INCLUSO FORNECIMENTO DE EQUIPAMENTOS, MATERIAIS E OS SERVIÇOS DE OBRA CIVIL PARA ADEQUAÇÃO NECESSÁRIA AO SISTEMA, INSTALAÇÃO, START-UP E TREINAMENTO OPERACIONAL.
A8: ='3.A'!$B$9 -> LEIS SOCIAIS HORISTA - JORNADA NORMAL | C8: ='3.A'!$F$9 -> 0 | D8: ='3.A'!$L$9 -> DATA-BASE DO ORÇAMENTO: | F8: ='3.A'!M9 -> 46170
A9: ='3.A'!$B$10 -> BDI - MÃO DE OBRA / SERVIÇOS / MATERIAIS EM GERAL | C9: ='7.A'!$F$29 -> 0
A10: ANEXO 5.A - COMPOSIÇÕES UNITÁRIAS DE SERVIÇOS - LICITANTE
A12: ='3.A'!$A$18 -> 1.1 | B12: =IF(A12="","",VLOOKUP(A12,'3.A'!$A$16:$M$111,2,FALSE)) -> MOBILIZAÇÃO DO CANTEIRO DE OBRAS | C12: UNIDADE: | E12: =IF(A12="","",VLOOKUP(A12,'3.A'!$A$16:$M$111,3,FALSE)) -> GB | F12: =ROUND(F26+F39+F62,2) -> 0 | G12: =VLOOKUP(A12,'3.A'!$A$18:$I$111,4,FALSE) -> 1 | H12: =SUM(F14:F25) -> 0 | I12: =SUM(F28:F38) -> 0 | J12: =SUM(F41:F61) -> 0 | K12: =SUM(H12:J12) -> 0 | L12: =IF(K12=F12,"SIM","NÃO") -> SIM | M12: =ROUND(SUM(F14:F23)*C24,2)+ROUND(SUM(F14:F24)*C25,2)+ROUND(SUM(F14:F23),2)+ROUND(SUM(F28:F37)*C38,2)+ROUND(SUM(F28:F37),2)+ROUND(SUM(F41:F60)*C61,2)+ROUND(SUM(F41:F60),2) -> 0 | N12: =IF(M12=F12,"SIM","NÃO") -> SIM | O12: =VLOOKUP(A12,'3.A'!$A$8:$E$111,3,FALSE) -> GB | P12: =IF(O12=E12,"SIM","NÃO") -> SIM | Q12: =ROUND(G12*F26,2)+ROUND(G12*F39,2)+ROUND(G12*F62,2) -> 0 | R12: =VLOOKUP(A12,'3.A'!$A$16:$L$111,12,FALSE) -> 0 | S12: =IF(Q12=R12,"si","no") -> si | T12: =SUM(L14:L23)+SUM(L28:L37)+SUM(L41:L60) -> 35 | U12: =G12*C20+G12*C22+G12*C16+G12*C15+G12*C17+G12*C21+G12*C19+G12*C18+G12*C14+G12*C23+G12*C30+G12*C28+G12*C36+G12*C37+G12*C32+G12*C33+G12*C29+G12*C34+G12*C35+G12*C31+G12*C41+G12*C42+G12*C43+G12*C51+G12*C52+G12*C53+G12*C54+G12*C55+G12*C56+G12*C57+G12*C58+G12*C59+G12*C60+G12*C49+G12*C50+G12*C44+G12*C45+G12*C46+G12*C47+G12*C48 -> 35 | V12: =IF(T12=U12,"si","no") -> si
A13: 1.0 | B13: MÃO DE OBRA | C13: COEF. | D13: UNID. | E13: CUSTO UNIT. (R$) | F13: TOTAL (R$)
A14: ='6.A'!$A$21 -> 88316 | B14: =IF(A14="","",VLOOKUP(A14,'6.A'!$A$11:$E$105,2,FALSE)) -> SERVENTE COM ENCARGOS COMPLEMENTARES | C14: 4 | D14: =IF(A14="","",VLOOKUP(A14,'6.A'!$A$11:$E$105,4,FALSE)) -> H | E14: =IF(A14="","",VLOOKUP(A14,'6.A'!$A$11:$E$105,5,FALSE)) -> 0 | F14: =IF(A14="","0,00",ROUND(C14*E14,2)) -> 0 | H14: =IF(A14="","",VLOOKUP(A14,'6.A'!$A$11:$E$7900,5,FALSE)) -> 0 | I14: =IF(H14="","",IF(E14=H14,"SIM","NÃO")) -> SIM | J14: =IF(H14="","",VLOOKUP(A14,'6.A'!$A$11:$E$480,4,FALSE)) -> H | K14: =IF(H14="","",IF(J14=D14,"SIM","NÃO")) -> SIM | L14: =IF(H14="","",IF(C14="","",G12*C14)) -> 4 | M14: =IF(A14="","",VLOOKUP(A14,'6.A'!$A$11:$C$480,2,FALSE)) -> SERVENTE COM ENCARGOS COMPLEMENTARES | N14: =IF(A14="","",IF(M14=B14,"si","no")) -> si
A15: ='6.A'!$A$24 -> 90776 | B15: =IF(A15="","",VLOOKUP(A15,'6.A'!$A$11:$E$105,2,FALSE)) -> ENCARREGADO GERAL COM ENCARGOS COMPLEMENTARES | C15: 4 | D15: =IF(A15="","",VLOOKUP(A15,'6.A'!$A$11:$E$105,4,FALSE)) -> H | E15: =IF(A15="","",VLOOKUP(A15,'6.A'!$A$11:$E$105,5,FALSE)) -> 0 | F15: =IF(A15="","0,00",ROUND(C15*E15,2)) -> 0 | H15: =IF(A15="","",VLOOKUP(A15,'6.A'!$A$11:$E$7900,5,FALSE)) -> 0 | I15: =IF(H15="","",IF(E15=H15,"SIM","NÃO")) -> SIM | J15: =IF(H15="","",VLOOKUP(A15,'6.A'!$A$11:$E$480,4,FALSE)) -> H | K15: =IF(H15="","",IF(J15=D15,"SIM","NÃO")) -> SIM | L15: =IF(H15="","",IF(C15="","",G12*C15)) -> 4 | M15: =IF(A15="","",VLOOKUP(A15,'6.A'!$A$11:$C$480,2,FALSE)) -> ENCARREGADO GERAL COM ENCARGOS COMPLEMENTARES | N15: =IF(A15="","",IF(M15=B15,"si","no")) -> si
A16: ='6.A'!$A$26 -> 90778 | B16: =IF(A16="","",VLOOKUP(A16,'6.A'!$A$11:$E$105,2,FALSE)) -> ENGENHEIRO CIVIL DE OBRA PLENO COM ENCARGOS COMPLEMENTARES | C16: 4 | D16: =IF(A16="","",VLOOKUP(A16,'6.A'!$A$11:$E$105,4,FALSE)) -> H | E16: =IF(A16="","",VLOOKUP(A16,'6.A'!$A$11:$E$105,5,FALSE)) -> 0 | F16: =IF(A16="","0,00",ROUND(C16*E16,2)) -> 0 | H16: =IF(A16="","",VLOOKUP(A16,'6.A'!$A$11:$E$7900,5,FALSE)) -> 0 | I16: =IF(H16="","",IF(E16=H16,"SIM","NÃO")) -> SIM | J16: =IF(H16="","",VLOOKUP(A16,'6.A'!$A$11:$E$480,4,FALSE)) -> H | K16: =IF(H16="","",IF(J16=D16,"SIM","NÃO")) -> SIM | L16: =IF(H16="","",IF(C16="","",G12*C16)) -> 4 | M16: =IF(A16="","",VLOOKUP(A16,'6.A'!$A$11:$C$480,2,FALSE)) -> ENGENHEIRO CIVIL DE OBRA PLENO COM ENCARGOS COMPLEMENTARES | N16: =IF(A16="","",IF(M16=B16,"si","no")) -> si
A17: ='6.A'!$A$28 -> 100309 | B17: =IF(A17="","",VLOOKUP(A17,'6.A'!$A$11:$E$105,2,FALSE)) -> TÉCNICO EM SEGURANÇA DO TRABALHO COM ENCARGOS COMPLEMENTARES | C17: 4 | D17: =IF(A17="","",VLOOKUP(A17,'6.A'!$A$11:$E$105,4,FALSE)) -> H | E17: =IF(A17="","",VLOOKUP(A17,'6.A'!$A$11:$E$105,5,FALSE)) -> 0 | F17: =IF(A17="","0,00",ROUND(C17*E17,2)) -> 0 | H17: =IF(A17="","",VLOOKUP(A17,'6.A'!$A$11:$E$7900,5,FALSE)) -> 0 | I17: =IF(H17="","",IF(E17=H17,"SIM","NÃO")) -> SIM | J17: =IF(H17="","",VLOOKUP(A17,'6.A'!$A$11:$E$480,4,FALSE)) -> H | K17: =IF(H17="","",IF(J17=D17,"SIM","NÃO")) -> SIM | L17: =IF(H17="","",IF(C17="","",G12*C17)) -> 4 | M17: =IF(A17="","",VLOOKUP(A17,'6.A'!$A$11:$C$480,2,FALSE)) -> TÉCNICO EM SEGURANÇA DO TRABALHO COM ENCARGOS COMPLEMENTARES | N17: =IF(A17="","",IF(M17=B17,"si","no")) -> si
B18: =IF(A18="","",VLOOKUP(A18,'6.A'!$A$11:$E$105,2,FALSE)) | D18: =IF(A18="","",VLOOKUP(A18,'6.A'!$A$11:$E$105,4,FALSE)) | E18: =IF(A18="","",VLOOKUP(A18,'6.A'!$A$11:$E$105,5,FALSE)) | F18: =IF(A18="","0,00",ROUND(C18*E18,2)) -> 0,00 | H18: =IF(A18="","",VLOOKUP(A18,'6.A'!$A$11:$E$7900,5,FALSE)) | I18: =IF(H18="","",IF(E18=H18,"SIM","NÃO")) | J18: =IF(H18="","",VLOOKUP(A18,'6.A'!$A$11:$E$480,4,FALSE)) | K18: =IF(H18="","",IF(J18=D18,"SIM","NÃO")) | L18: =IF(H18="","",IF(C18="","",G12*C18)) | M18: =IF(A18="","",VLOOKUP(A18,'6.A'!$A$11:$C$480,2,FALSE)) | N18: =IF(A18="","",IF(M18=B18,"si","no"))
B19: =IF(A19="","",VLOOKUP(A19,'6.A'!$A$11:$E$105,2,FALSE)) | D19: =IF(A19="","",VLOOKUP(A19,'6.A'!$A$11:$E$105,4,FALSE)) | E19: =IF(A19="","",VLOOKUP(A19,'6.A'!$A$11:$E$105,5,FALSE)) | F19: =IF(A19="","0,00",ROUND(C19*E19,2)) -> 0,00 | H19: =IF(A19="","",VLOOKUP(A19,'6.A'!$A$11:$E$7900,5,FALSE)) | I19: =IF(H19="","",IF(E19=H19,"SIM","NÃO")) | J19: =IF(H19="","",VLOOKUP(A19,'6.A'!$A$11:$E$480,4,FALSE)) | K19: =IF(H19="","",IF(J19=D19,"SIM","NÃO")) | L19: =IF(H19="","",IF(C19="","",G12*C19)) | M19: =IF(A19="","",VLOOKUP(A19,'6.A'!$A$11:$C$480,2,FALSE)) | N19: =IF(A19="","",IF(M19=B19,"si","no"))
B20: =IF(A20="","",VLOOKUP(A20,'6.A'!$A$11:$E$105,2,FALSE)) | D20: =IF(A20="","",VLOOKUP(A20,'6.A'!$A$11:$E$105,4,FALSE)) | E20: =IF(A20="","",VLOOKUP(A20,'6.A'!$A$11:$E$105,5,FALSE)) | F20: =IF(A20="","0,00",ROUND(C20*E20,2)) -> 0,00 | H20: =IF(A20="","",VLOOKUP(A20,'6.A'!$A$11:$E$7900,5,FALSE)) | I20: =IF(H20="","",IF(E20=H20,"SIM","NÃO")) | J20: =IF(H20="","",VLOOKUP(A20,'6.A'!$A$11:$E$480,4,FALSE)) | K20: =IF(H20="","",IF(J20=D20,"SIM","NÃO")) | L20: =IF(H20="","",IF(C20="","",G12*C20)) | M20: =IF(A20="","",VLOOKUP(A20,'6.A'!$A$11:$C$480,2,FALSE)) | N20: =IF(A20="","",IF(M20=B20,"si","no"))
B21: =IF(A21="","",VLOOKUP(A21,'6.A'!$A$11:$E$105,2,FALSE)) | D21: =IF(A21="","",VLOOKUP(A21,'6.A'!$A$11:$E$105,4,FALSE)) | E21: =IF(A21="","",VLOOKUP(A21,'6.A'!$A$11:$E$105,5,FALSE)) | F21: =IF(A21="","0,00",ROUND(C21*E21,2)) -> 0,00 | H21: =IF(A21="","",VLOOKUP(A21,'6.A'!$A$11:$E$7900,5,FALSE)) | I21: =IF(H21="","",IF(E21=H21,"SIM","NÃO")) | J21: =IF(H21="","",VLOOKUP(A21,'6.A'!$A$11:$E$480,4,FALSE)) | K21: =IF(H21="","",IF(J21=D21,"SIM","NÃO")) | L21: =IF(H21="","",IF(C21="","",G12*C21)) | M21: =IF(A21="","",VLOOKUP(A21,'6.A'!$A$11:$C$480,2,FALSE)) | N21: =IF(A21="","",IF(M21=B21,"si","no"))
B22: =IF(A22="","",VLOOKUP(A22,'6.A'!$A$11:$E$105,2,FALSE)) | D22: =IF(A22="","",VLOOKUP(A22,'6.A'!$A$11:$E$105,4,FALSE)) | E22: =IF(A22="","",VLOOKUP(A22,'6.A'!$A$11:$E$105,5,FALSE)) | F22: =IF(A22="","0,00",ROUND(C22*E22,2)) -> 0,00 | H22: =IF(A22="","",VLOOKUP(A22,'6.A'!$A$11:$E$7900,5,FALSE)) | I22: =IF(H22="","",IF(E22=H22,"SIM","NÃO")) | J22: =IF(H22="","",VLOOKUP(A22,'6.A'!$A$11:$E$480,4,FALSE)) | K22: =IF(H22="","",IF(J22=D22,"SIM","NÃO")) | L22: =IF(H22="","",IF(C22="","",G12*C22)) | M22: =IF(A22="","",VLOOKUP(A22,'6.A'!$A$11:$C$480,2,FALSE)) | N22: =IF(A22="","",IF(M22=B22,"si","no"))
B23: =IF(A23="","",VLOOKUP(A23,'6.A'!$A$11:$E$105,2,FALSE)) | D23: =IF(A23="","",VLOOKUP(A23,'6.A'!$A$11:$E$105,4,FALSE)) | E23: =IF(A23="","",VLOOKUP(A23,'6.A'!$A$11:$E$105,5,FALSE)) | F23: =IF(A23="","0,00",ROUND(C23*E23,2)) -> 0,00 | H23: =IF(A23="","",VLOOKUP(A23,'6.A'!$A$11:$E$7900,5,FALSE)) | I23: =IF(H23="","",IF(E23=H23,"SIM","NÃO")) | J23: =IF(H23="","",VLOOKUP(A23,'6.A'!$A$11:$E$480,4,FALSE)) | K23: =IF(H23="","",IF(J23=D23,"SIM","NÃO")) | L23: =IF(H23="","",IF(C23="","",G12*C23)) | M23: =IF(A23="","",VLOOKUP(A23,'6.A'!$A$11:$C$480,2,FALSE)) | N23: =IF(A23="","",IF(M23=B23,"si","no"))
B24: =$A$8 -> LEIS SOCIAIS HORISTA - JORNADA NORMAL | C24: =$C$8 -> 0 | F24: =ROUND(SUM(F14:F23)*C24,2) -> 0
B25: =$A$9 -> BDI - MÃO DE OBRA / SERVIÇOS / MATERIAIS EM GERAL | C25: =$C$9 -> 0 | F25: =ROUND(SUM(F14:F24)*C25,2) -> 0
B26: TOTAL DE MÃO DE OBRA | F26: =ROUND(SUM(F14:F25),2) -> 0
A27: 2.0 | B27: EQUIPAMENTOS E SERVIÇOS | C27: COEF. | D27: UNID. | E27: CUSTO UNIT. (R$) | F27: TOTAL (R$)
A28: ='6.A'!$A$38 -> EQ04499 | B28: =IF(A28="","",VLOOKUP(A28,'6.A'!$A$11:$E$105,2,FALSE)) -> CAMINHÃO CARROCERIA FIXA ABERTA DE MADEIRA COM CAPACIDADE 9 T 190CV, COM GUINDASTE MUNCK 5 T | C28: 3 | D28: =IF(A28="","",VLOOKUP(A28,'6.A'!$A$11:$E$105,4,FALSE)) -> CHP | E28: =IF(A28="","",VLOOKUP(A28,'6.A'!$A$11:$E$105,5,FALSE)) -> 0 | F28: =IF(A28="","0,00",ROUND(C28*E28,2)) -> 0 | H28: =IF(A28="","",VLOOKUP(A28,'6.A'!$A$11:$E$7900,5,FALSE)) -> 0 | I28: =IF(H28="","",IF(E28=H28,"SIM","NÃO")) -> SIM | J28: =IF(H28="","",VLOOKUP(A28,'6.A'!$A$11:$E$480,4,FALSE)) -> CHP | K28: =IF(H28="","",IF(J28=D28,"SIM","NÃO")) -> SIM | L28: =IF(H28="","",IF(C28="","",G12*C28)) -> 3 | M28: =IF(A28="","",VLOOKUP(A28,'6.A'!$A$11:$C$480,2,FALSE)) -> CAMINHÃO CARROCERIA FIXA ABERTA DE MADEIRA COM CAPACIDADE 9 T 190CV, COM GUINDASTE MUNCK 5 T | N28: =IF(A28="","",IF(M28=B28,"si","no")) -> si
A29: ='6.A'!$A$55 -> 96245 | B29: =IF(A29="","",VLOOKUP(A29,'6.A'!$A$11:$E$105,2,FALSE)) -> MINIESCAVADEIRA SOBRE ESTEIRAS, 30 HP, PESO OPERACIONAL DE 3.500 KG - CHP DIURNO | C29: 1 | D29: =IF(A29="","",VLOOKUP(A29,'6.A'!$A$11:$E$105,4,FALSE)) -> CHP | E29: =IF(A29="","",VLOOKUP(A29,'6.A'!$A$11:$E$105,5,FALSE)) -> 0 | F29: =IF(A29="","0,00",ROUND(C29*E29,2)) -> 0 | H29: =IF(A29="","",VLOOKUP(A29,'6.A'!$A$11:$E$7900,5,FALSE)) -> 0 | I29: =IF(H29="","",IF(E29=H29,"SIM","NÃO")) -> SIM | J29: =IF(H29="","",VLOOKUP(A29,'6.A'!$A$11:$E$480,4,FALSE)) -> CHP | K29: =IF(H29="","",IF(J29=D29,"SIM","NÃO")) -> SIM | L29: =IF(H29="","",IF(C29="","",G12*C29)) -> 1 | M29: =IF(A29="","",VLOOKUP(A29,'6.A'!$A$11:$C$480,2,FALSE)) -> MINIESCAVADEIRA SOBRE ESTEIRAS, 30 HP, PESO OPERACIONAL DE 3.500 KG - CHP DIURNO | N29: =IF(A29="","",IF(M29=B29,"si","no")) -> si
A30: ='6.A'!$A$56 -> 96246 | B30: =IF(A30="","",VLOOKUP(A30,'6.A'!$A$11:$E$105,2,FALSE)) -> MINIESCAVADEIRA SOBRE ESTEIRAS, 30 HP, PESO OPERACIONAL DE 3.500 KG - CHI DIURNO | C30: 2 | D30: =IF(A30="","",VLOOKUP(A30,'6.A'!$A$11:$E$105,4,FALSE)) -> CHI | E30: =IF(A30="","",VLOOKUP(A30,'6.A'!$A$11:$E$105,5,FALSE)) -> 0 | F30: =IF(A30="","0,00",ROUND(C30*E30,2)) -> 0 | H30: =IF(A30="","",VLOOKUP(A30,'6.A'!$A$11:$E$7900,5,FALSE)) -> 0 | I30: =IF(H30="","",IF(E30=H30,"SIM","NÃO")) -> SIM | J30: =IF(H30="","",VLOOKUP(A30,'6.A'!$A$11:$E$480,4,FALSE)) -> CHI | K30: =IF(H30="","",IF(J30=D30,"SIM","NÃO")) -> SIM | L30: =IF(H30="","",IF(C30="","",G12*C30)) -> 2 | M30: =IF(A30="","",VLOOKUP(A30,'6.A'!$A$11:$C$480,2,FALSE)) -> MINIESCAVADEIRA SOBRE ESTEIRAS, 30 HP, PESO OPERACIONAL DE 3.500 KG - CHI DIURNO | N30: =IF(A30="","",IF(M30=B30,"si","no")) -> si
A31: ='6.A'!$A$57 -> 98462 | B31: =IF(A31="","",VLOOKUP(A31,'6.A'!$A$11:$E$105,2,FALSE)) -> ESTRUTURA DE MADEIRA PROVISÓRIA PARA SUPORTE DE CAIXA DÁGUA ELEVADA DE 3000 LITROS | C31: 1 | D31: =IF(A31="","",VLOOKUP(A31,'6.A'!$A$11:$E$105,4,FALSE)) -> UN | E31: =IF(A31="","",VLOOKUP(A31,'6.A'!$A$11:$E$105,5,FALSE)) -> 0 | F31: =IF(A31="","0,00",ROUND(C31*E31,2)) -> 0 | H31: =IF(A31="","",VLOOKUP(A31,'6.A'!$A$11:$E$7900,5,FALSE)) -> 0 | I31: =IF(H31="","",IF(E31=H31,"SIM","NÃO")) -> SIM | J31: =IF(H31="","",VLOOKUP(A31,'6.A'!$A$11:$E$480,4,FALSE)) -> UN | K31: =IF(H31="","",IF(J31=D31,"SIM","NÃO")) -> SIM | L31: =IF(H31="","",IF(C31="","",G12*C31)) -> 1 | M31: =IF(A31="","",VLOOKUP(A31,'6.A'!$A$11:$C$480,2,FALSE)) -> ESTRUTURA DE MADEIRA PROVISÓRIA PARA SUPORTE DE CAIXA DÁGUA ELEVADA DE 3000 LITROS | N31: =IF(A31="","",IF(M31=B31,"si","no")) -> si
A32: ='6.A'!$A$58 -> 104896 | B32: =IF(A32="","",VLOOKUP(A32,'6.A'!$A$11:$E$105,2,FALSE)) -> CONSTRUÇÕES PROVISÓRIAS EM CANTEIRO DE OBRAS EM CHAPA DE MADEIRA COMPENSADA | C32: 10 | D32: =IF(A32="","",VLOOKUP(A32,'6.A'!$A$11:$E$105,4,FALSE)) -> M2 | E32: =IF(A32="","",VLOOKUP(A32,'6.A'!$A$11:$E$105,5,FALSE)) -> 0 | F32: =IF(A32="","0,00",ROUND(C32*E32,2)) -> 0 | H32: =IF(A32="","",VLOOKUP(A32,'6.A'!$A$11:$E$7900,5,FALSE)) -> 0 | I32: =IF(H32="","",IF(E32=H32,"SIM","NÃO")) -> SIM | J32: =IF(H32="","",VLOOKUP(A32,'6.A'!$A$11:$E$480,4,FALSE)) -> M2 | K32: =IF(H32="","",IF(J32=D32,"SIM","NÃO")) -> SIM | L32: =IF(H32="","",IF(C32="","",G12*C32)) -> 10 | M32: =IF(A32="","",VLOOKUP(A32,'6.A'!$A$11:$C$480,2,FALSE)) -> CONSTRUÇÕES PROVISÓRIAS EM CANTEIRO DE OBRAS EM CHAPA DE MADEIRA COMPENSADA | N32: =IF(A32="","",IF(M32=B32,"si","no")) -> si
A33: ='6.A'!$A$59 -> 105114 | B33: =IF(A33="","",VLOOKUP(A33,'6.A'!$A$11:$E$105,2,FALSE)) -> EXECUÇÃO DOS APOIOS PARA CONTÊINER OU MÓDULO HABITÁVEL | C33: =C32*0.2 -> 2 | D33: =IF(A33="","",VLOOKUP(A33,'6.A'!$A$11:$E$105,4,FALSE)) -> M3 | E33: =IF(A33="","",VLOOKUP(A33,'6.A'!$A$11:$E$105,5,FALSE)) -> 0 | F33: =IF(A33="","0,00",ROUND(C33*E33,2)) -> 0 | H33: =IF(A33="","",VLOOKUP(A33,'6.A'!$A$11:$E$7900,5,FALSE)) -> 0 | I33: =IF(H33="","",IF(E33=H33,"SIM","NÃO")) -> SIM | J33: =IF(H33="","",VLOOKUP(A33,'6.A'!$A$11:$E$480,4,FALSE)) -> M3 | K33: =IF(H33="","",IF(J33=D33,"SIM","NÃO")) -> SIM | L33: =IF(H33="","",IF(C33="","",G12*C33)) -> 2 | M33: =IF(A33="","",VLOOKUP(A33,'6.A'!$A$11:$C$480,2,FALSE)) -> EXECUÇÃO DOS APOIOS PARA CONTÊINER OU MÓDULO HABITÁVEL | N33: =IF(A33="","",IF(M33=B33,"si","no")) -> si
B34: =IF(A34="","",VLOOKUP(A34,'6.A'!$A$11:$E$105,2,FALSE)) | D34: =IF(A34="","",VLOOKUP(A34,'6.A'!$A$11:$E$105,4,FALSE)) | E34: =IF(A34="","",VLOOKUP(A34,'6.A'!$A$11:$E$105,5,FALSE)) | F34: =IF(A34="","0,00",ROUND(C34*E34,2)) -> 0,00 | H34: =IF(A34="","",VLOOKUP(A34,'6.A'!$A$11:$E$7900,5,FALSE)) | I34: =IF(H34="","",IF(E34=H34,"SIM","NÃO")) | J34: =IF(H34="","",VLOOKUP(A34,'6.A'!$A$11:$E$480,4,FALSE)) | K34: =IF(H34="","",IF(J34=D34,"SIM","NÃO")) | L34: =IF(H34="","",IF(C34="","",G12*C34)) | M34: =IF(A34="","",VLOOKUP(A34,'6.A'!$A$11:$C$480,2,FALSE)) | N34: =IF(A34="","",IF(M34=B34,"si","no"))
B35: =IF(A35="","",VLOOKUP(A35,'6.A'!$A$11:$E$105,2,FALSE)) | D35: =IF(A35="","",VLOOKUP(A35,'6.A'!$A$11:$E$105,4,FALSE)) | E35: =IF(A35="","",VLOOKUP(A35,'6.A'!$A$11:$E$105,5,FALSE)) | F35: =IF(A35="","0,00",ROUND(C35*E35,2)) -> 0,00 | H35: =IF(A35="","",VLOOKUP(A35,'6.A'!$A$11:$E$7900,5,FALSE)) | I35: =IF(H35="","",IF(E35=H35,"SIM","NÃO")) | J35: =IF(H35="","",VLOOKUP(A35,'6.A'!$A$11:$E$480,4,FALSE)) | K35: =IF(H35="","",IF(J35=D35,"SIM","NÃO")) | L35: =IF(H35="","",IF(C35="","",G12*C35)) | M35: =IF(A35="","",VLOOKUP(A35,'6.A'!$A$11:$C$480,2,FALSE)) | N35: =IF(A35="","",IF(M35=B35,"si","no"))
B36: =IF(A36="","",VLOOKUP(A36,'6.A'!$A$11:$E$105,2,FALSE)) | D36: =IF(A36="","",VLOOKUP(A36,'6.A'!$A$11:$E$105,4,FALSE)) | E36: =IF(A36="","",VLOOKUP(A36,'6.A'!$A$11:$E$105,5,FALSE)) | F36: =IF(A36="","0,00",ROUND(C36*E36,2)) -> 0,00 | H36: =IF(A36="","",VLOOKUP(A36,'6.A'!$A$11:$E$7900,5,FALSE)) | I36: =IF(H36="","",IF(E36=H36,"SIM","NÃO")) | J36: =IF(H36="","",VLOOKUP(A36,'6.A'!$A$11:$E$480,4,FALSE)) | K36: =IF(H36="","",IF(J36=D36,"SIM","NÃO")) | L36: =IF(H36="","",IF(C36="","",G12*C36)) | M36: =IF(A36="","",VLOOKUP(A36,'6.A'!$A$11:$C$480,2,FALSE)) | N36: =IF(A36="","",IF(M36=B36,"si","no"))
B37: =IF(A37="","",VLOOKUP(A37,'6.A'!$A$11:$E$105,2,FALSE)) | D37: =IF(A37="","",VLOOKUP(A37,'6.A'!$A$11:$E$105,4,FALSE)) | E37: =IF(A37="","",VLOOKUP(A37,'6.A'!$A$11:$E$105,5,FALSE)) | F37: =IF(A37="","0,00",ROUND(C37*E37,2)) -> 0,00 | H37: =IF(A37="","",VLOOKUP(A37,'6.A'!$A$11:$E$7900,5,FALSE)) | I37: =IF(H37="","",IF(E37=H37,"SIM","NÃO")) | J37: =IF(H37="","",VLOOKUP(A37,'6.A'!$A$11:$E$480,4,FALSE)) | K37: =IF(H37="","",IF(J37=D37,"SIM","NÃO")) | L37: =IF(H37="","",IF(C37="","",G12*C37)) | M37: =IF(A37="","",VLOOKUP(A37,'6.A'!$A$11:$C$480,2,FALSE)) | N37: =IF(A37="","",IF(M37=B37,"si","no"))
B38: =$A$9 -> BDI - MÃO DE OBRA / SERVIÇOS / MATERIAIS EM GERAL | C38: =$C$9 -> 0 | F38: =ROUND(SUM(F28:F37)*C38,2) -> 0
B39: TOTAL DE EQUIPAMENTOS E SERVIÇOS | F39: =ROUND(SUM(F28:F38),2) -> 0
A40: 3.0 | B40: MATERIAIS | C40: COEF. | D40: UNID. | E40: CUSTO UNIT. (R$) | F40: TOTAL (R$)
B41: =IF(A41="","",VLOOKUP(A41,'6.A'!$A$11:$E$105,2,FALSE)) | D41: =IF(A41="","",VLOOKUP(A41,'6.A'!$A$11:$E$105,4,FALSE)) | E41: =IF(A41="","",VLOOKUP(A41,'6.A'!$A$11:$E$105,5,FALSE)) | F41: =IF(A41="","0,00",ROUND(C41*E41,2)) -> 0,00 | H41: =IF(A41="","",VLOOKUP(A41,'6.A'!$A$11:$E$7900,5,FALSE)) | I41: =IF(H41="","",IF(E41=H41,"SIM","NÃO")) | J41: =IF(H41="","",VLOOKUP(A41,'6.A'!$A$11:$E$480,4,FALSE)) | K41: =IF(H41="","",IF(J41=D41,"SIM","NÃO")) | L41: =IF(H41="","",IF(C41="","",G12*C41)) | M41: =IF(A41="","",VLOOKUP(A41,'6.A'!$A$11:$C$480,2,FALSE)) | N41: =IF(A41="","",IF(M41=B41,"si","no"))
B42: =IF(A42="","",VLOOKUP(A42,'6.A'!$A$11:$E$105,2,FALSE)) | D42: =IF(A42="","",VLOOKUP(A42,'6.A'!$A$11:$E$105,4,FALSE)) | E42: =IF(A42="","",VLOOKUP(A42,'6.A'!$A$11:$E$105,5,FALSE)) | F42: =IF(A42="","0,00",ROUND(C42*E42,2)) -> 0,00 | H42: =IF(A42="","",VLOOKUP(A42,'6.A'!$A$11:$E$7900,5,FALSE)) | I42: =IF(H42="","",IF(E42=H42,"SIM","NÃO")) | J42: =IF(H42="","",VLOOKUP(A42,'6.A'!$A$11:$E$480,4,FALSE)) | K42: =IF(H42="","",IF(J42=D42,"SIM","NÃO")) | L42: =IF(H42="","",IF(C42="","",G12*C42)) | M42: =IF(A42="","",VLOOKUP(A42,'6.A'!$A$11:$C$480,2,FALSE)) | N42: =IF(A42="","",IF(M42=B42,"si","no"))
B43: =IF(A43="","",VLOOKUP(A43,'6.A'!$A$11:$E$105,2,FALSE)) | D43: =IF(A43="","",VLOOKUP(A43,'6.A'!$A$11:$E$105,4,FALSE)) | E43: =IF(A43="","",VLOOKUP(A43,'6.A'!$A$11:$E$105,5,FALSE)) | F43: =IF(A43="","0,00",ROUND(C43*E43,2)) -> 0,00 | H43: =IF(A43="","",VLOOKUP(A43,'6.A'!$A$11:$E$7900,5,FALSE)) | I43: =IF(H43="","",IF(E43=H43,"SIM","NÃO")) | J43: =IF(H43="","",VLOOKUP(A43,'6.A'!$A$11:$E$480,4,FALSE)) | K43: =IF(H43="","",IF(J43=D43,"SIM","NÃO")) | L43: =IF(H43="","",IF(C43="","",G12*C43)) | M43: =IF(A43="","",VLOOKUP(A43,'6.A'!$A$11:$C$480,2,FALSE)) | N43: =IF(A43="","",IF(M43=B43,"si","no"))
B44: =IF(A44="","",VLOOKUP(A44,'6.A'!$A$11:$E$105,2,FALSE)) | D44: =IF(A44="","",VLOOKUP(A44,'6.A'!$A$11:$E$105,4,FALSE)) | E44: =IF(A44="","",VLOOKUP(A44,'6.A'!$A$11:$E$105,5,FALSE)) | F44: =IF(A44="","0,00",ROUND(C44*E44,2)) -> 0,00 | H44: =IF(A44="","",VLOOKUP(A44,'6.A'!$A$11:$E$7900,5,FALSE)) | I44: =IF(H44="","",IF(E44=H44,"SIM","NÃO")) | J44: =IF(H44="","",VLOOKUP(A44,'6.A'!$A$11:$E$480,4,FALSE)) | K44: =IF(H44="","",IF(J44=D44,"SIM","NÃO")) | L44: =IF(H44="","",IF(C44="","",G12*C44)) | M44: =IF(A44="","",VLOOKUP(A44,'6.A'!$A$11:$C$480,2,FALSE)) | N44: =IF(A44="","",IF(M44=B44,"si","no"))
B45: =IF(A45="","",VLOOKUP(A45,'6.A'!$A$11:$E$105,2,FALSE)) | D45: =IF(A45="","",VLOOKUP(A45,'6.A'!$A$11:$E$105,4,FALSE)) | E45: =IF(A45="","",VLOOKUP(A45,'6.A'!$A$11:$E$105,5,FALSE)) | F45: =IF(A45="","0,00",ROUND(C45*E45,2)) -> 0,00 | H45: =IF(A45="","",VLOOKUP(A45,'6.A'!$A$11:$E$7900,5,FALSE)) | I45: =IF(H45="","",IF(E45=H45,"SIM","NÃO")) | J45: =IF(H45="","",VLOOKUP(A45,'6.A'!$A$11:$E$480,4,FALSE)) | K45: =IF(H45="","",IF(J45=D45,"SIM","NÃO")) | L45: =IF(H45="","",IF(C45="","",G12*C45)) | M45: =IF(A45="","",VLOOKUP(A45,'6.A'!$A$11:$C$480,2,FALSE)) | N45: =IF(A45="","",IF(M45=B45,"si","no"))
B46: =IF(A46="","",VLOOKUP(A46,'6.A'!$A$11:$E$105,2,FALSE)) | D46: =IF(A46="","",VLOOKUP(A46,'6.A'!$A$11:$E$105,4,FALSE)) | E46: =IF(A46="","",VLOOKUP(A46,'6.A'!$A$11:$E$105,5,FALSE)) | F46: =IF(A46="","0,00",ROUND(C46*E46,2)) -> 0,00 | H46: =IF(A46="","",VLOOKUP(A46,'6.A'!$A$11:$E$7900,5,FALSE)) | I46: =IF(H46="","",IF(E46=H46,"SIM","NÃO")) | J46: =IF(H46="","",VLOOKUP(A46,'6.A'!$A$11:$E$480,4,FALSE)) | K46: =IF(H46="","",IF(J46=D46,"SIM","NÃO")) | L46: =IF(H46="","",IF(C46="","",G12*C46)) | M46: =IF(A46="","",VLOOKUP(A46,'6.A'!$A$11:$C$480,2,FALSE)) | N46: =IF(A46="","",IF(M46=B46,"si","no"))
B47: =IF(A47="","",VLOOKUP(A47,'6.A'!$A$11:$E$105,2,FALSE)) | D47: =IF(A47="","",VLOOKUP(A47,'6.A'!$A$11:$E$105,4,FALSE)) | E47: =IF(A47="","",VLOOKUP(A47,'6.A'!$A$11:$E$105,5,FALSE)) | F47: =IF(A47="","0,00",ROUND(C47*E47,2)) -> 0,00 | H47: =IF(A47="","",VLOOKUP(A47,'6.A'!$A$11:$E$7900,5,FALSE)) | I47: =IF(H47="","",IF(E47=H47,"SIM","NÃO")) | J47: =IF(H47="","",VLOOKUP(A47,'6.A'!$A$11:$E$480,4,FALSE)) | K47: =IF(H47="","",IF(J47=D47,"SIM","NÃO")) | L47: =IF(H47="","",IF(C47="","",G12*C47)) | M47: =IF(A47="","",VLOOKUP(A47,'6.A'!$A$11:$C$480,2,FALSE)) | N47: =IF(A47="","",IF(M47=B47,"si","no"))
B48: =IF(A48="","",VLOOKUP(A48,'6.A'!$A$11:$E$105,2,FALSE)) | D48: =IF(A48="","",VLOOKUP(A48,'6.A'!$A$11:$E$105,4,FALSE)) | E48: =IF(A48="","",VLOOKUP(A48,'6.A'!$A$11:$E$105,5,FALSE)) | F48: =IF(A48="","0,00",ROUND(C48*E48,2)) -> 0,00 | H48: =IF(A48="","",VLOOKUP(A48,'6.A'!$A$11:$E$7900,5,FALSE)) | I48: =IF(H48="","",IF(E48=H48,"SIM","NÃO")) | J48: =IF(H48="","",VLOOKUP(A48,'6.A'!$A$11:$E$480,4,FALSE)) | K48: =IF(H48="","",IF(J48=D48,"SIM","NÃO")) | L48: =IF(H48="","",IF(C48="","",G12*C48)) | M48: =IF(A48="","",VLOOKUP(A48,'6.A'!$A$11:$C$480,2,FALSE)) | N48: =IF(A48="","",IF(M48=B48,"si","no"))
B49: =IF(A49="","",VLOOKUP(A49,'6.A'!$A$11:$E$105,2,FALSE)) | D49: =IF(A49="","",VLOOKUP(A49,'6.A'!$A$11:$E$105,4,FALSE)) | E49: =IF(A49="","",VLOOKUP(A49,'6.A'!$A$11:$E$105,5,FALSE)) | F49: =IF(A49="","0,00",ROUND(C49*E49,2)) -> 0,00 | H49: =IF(A49="","",VLOOKUP(A49,'6.A'!$A$11:$E$7900,5,FALSE)) | I49: =IF(H49="","",IF(E49=H49,"SIM","NÃO")) | J49: =IF(H49="","",VLOOKUP(A49,'6.A'!$A$11:$E$480,4,FALSE)) | K49: =IF(H49="","",IF(J49=D49,"SIM","NÃO")) | L49: =IF(H49="","",IF(C49="","",G12*C49)) | M49: =IF(A49="","",VLOOKUP(A49,'6.A'!$A$11:$C$480,2,FALSE)) | N49: =IF(A49="","",IF(M49=B49,"si","no"))
B50: =IF(A50="","",VLOOKUP(A50,'6.A'!$A$11:$E$105,2,FALSE)) | D50: =IF(A50="","",VLOOKUP(A50,'6.A'!$A$11:$E$105,4,FALSE)) | E50: =IF(A50="","",VLOOKUP(A50,'6.A'!$A$11:$E$105,5,FALSE)) | F50: =IF(A50="","0,00",ROUND(C50*E50,2)) -> 0,00 | H50: =IF(A50="","",VLOOKUP(A50,'6.A'!$A$11:$E$7900,5,FALSE)) | I50: =IF(H50="","",IF(E50=H50,"SIM","NÃO")) | J50: =IF(H50="","",VLOOKUP(A50,'6.A'!$A$11:$E$480,4,FALSE)) | K50: =IF(H50="","",IF(J50=D50,"SIM","NÃO")) | L50: =IF(H50="","",IF(C50="","",G12*C50)) | M50: =IF(A50="","",VLOOKUP(A50,'6.A'!$A$11:$C$480,2,FALSE)) | N50: =IF(A50="","",IF(M50=B50,"si","no"))
B51: =IF(A51="","",VLOOKUP(A51,'6.A'!$A$11:$E$105,2,FALSE)) | D51: =IF(A51="","",VLOOKUP(A51,'6.A'!$A$11:$E$105,4,FALSE)) | E51: =IF(A51="","",VLOOKUP(A51,'6.A'!$A$11:$E$105,5,FALSE)) | F51: =IF(A51="","0,00",ROUND(C51*E51,2)) -> 0,00 | H51: =IF(A51="","",VLOOKUP(A51,'6.A'!$A$11:$E$7900,5,FALSE)) | I51: =IF(H51="","",IF(E51=H51,"SIM","NÃO")) | J51: =IF(H51="","",VLOOKUP(A51,'6.A'!$A$11:$E$480,4,FALSE)) | K51: =IF(H51="","",IF(J51=D51,"SIM","NÃO")) | L51: =IF(H51="","",IF(C51="","",G12*C51)) | M51: =IF(A51="","",VLOOKUP(A51,'6.A'!$A$11:$C$480,2,FALSE)) | N51: =IF(A51="","",IF(M51=B51,"si","no"))
B52: =IF(A52="","",VLOOKUP(A52,'6.A'!$A$11:$E$105,2,FALSE)) | D52: =IF(A52="","",VLOOKUP(A52,'6.A'!$A$11:$E$105,4,FALSE)) | E52: =IF(A52="","",VLOOKUP(A52,'6.A'!$A$11:$E$105,5,FALSE)) | F52: =IF(A52="","0,00",ROUND(C52*E52,2)) -> 0,00 | H52: =IF(A52="","",VLOOKUP(A52,'6.A'!$A$11:$E$7900,5,FALSE)) | I52: =IF(H52="","",IF(E52=H52,"SIM","NÃO")) | J52: =IF(H52="","",VLOOKUP(A52,'6.A'!$A$11:$E$480,4,FALSE)) | K52: =IF(H52="","",IF(J52=D52,"SIM","NÃO")) | L52: =IF(H52="","",IF(C52="","",G12*C52)) | M52: =IF(A52="","",VLOOKUP(A52,'6.A'!$A$11:$C$480,2,FALSE)) | N52: =IF(A52="","",IF(M52=B52,"si","no"))
B53: =IF(A53="","",VLOOKUP(A53,'6.A'!$A$11:$E$105,2,FALSE)) | D53: =IF(A53="","",VLOOKUP(A53,'6.A'!$A$11:$E$105,4,FALSE)) | E53: =IF(A53="","",VLOOKUP(A53,'6.A'!$A$11:$E$105,5,FALSE)) | F53: =IF(A53="","0,00",ROUND(C53*E53,2)) -> 0,00 | H53: =IF(A53="","",VLOOKUP(A53,'6.A'!$A$11:$E$7900,5,FALSE)) | I53: =IF(H53="","",IF(E53=H53,"SIM","NÃO")) | J53: =IF(H53="","",VLOOKUP(A53,'6.A'!$A$11:$E$480,4,FALSE)) | K53: =IF(H53="","",IF(J53=D53,"SIM","NÃO")) | L53: =IF(H53="","",IF(C53="","",G12*C53)) | M53: =IF(A53="","",VLOOKUP(A53,'6.A'!$A$11:$C$480,2,FALSE)) | N53: =IF(A53="","",IF(M53=B53,"si","no"))
B54: =IF(A54="","",VLOOKUP(A54,'6.A'!$A$11:$E$105,2,FALSE)) | D54: =IF(A54="","",VLOOKUP(A54,'6.A'!$A$11:$E$105,4,FALSE)) | E54: =IF(A54="","",VLOOKUP(A54,'6.A'!$A$11:$E$105,5,FALSE)) | F54: =IF(A54="","0,00",ROUND(C54*E54,2)) -> 0,00 | H54: =IF(A54="","",VLOOKUP(A54,'6.A'!$A$11:$E$7900,5,FALSE)) | I54: =IF(H54="","",IF(E54=H54,"SIM","NÃO")) | J54: =IF(H54="","",VLOOKUP(A54,'6.A'!$A$11:$E$480,4,FALSE)) | K54: =IF(H54="","",IF(J54=D54,"SIM","NÃO")) | L54: =IF(H54="","",IF(C54="","",G12*C54)) | M54: =IF(A54="","",VLOOKUP(A54,'6.A'!$A$11:$C$480,2,FALSE)) | N54: =IF(A54="","",IF(M54=B54,"si","no"))
B55: =IF(A55="","",VLOOKUP(A55,'6.A'!$A$11:$E$105,2,FALSE)) | D55: =IF(A55="","",VLOOKUP(A55,'6.A'!$A$11:$E$105,4,FALSE)) | E55: =IF(A55="","",VLOOKUP(A55,'6.A'!$A$11:$E$105,5,FALSE)) | F55: =IF(A55="","0,00",ROUND(C55*E55,2)) -> 0,00 | H55: =IF(A55="","",VLOOKUP(A55,'6.A'!$A$11:$E$7900,5,FALSE)) | I55: =IF(H55="","",IF(E55=H55,"SIM","NÃO")) | J55: =IF(H55="","",VLOOKUP(A55,'6.A'!$A$11:$E$480,4,FALSE)) | K55: =IF(H55="","",IF(J55=D55,"SIM","NÃO")) | L55: =IF(H55="","",IF(C55="","",G12*C55)) | M55: =IF(A55="","",VLOOKUP(A55,'6.A'!$A$11:$C$480,2,FALSE)) | N55: =IF(A55="","",IF(M55=B55,"si","no"))
B56: =IF(A56="","",VLOOKUP(A56,'6.A'!$A$11:$E$105,2,FALSE)) | D56: =IF(A56="","",VLOOKUP(A56,'6.A'!$A$11:$E$105,4,FALSE)) | E56: =IF(A56="","",VLOOKUP(A56,'6.A'!$A$11:$E$105,5,FALSE)) | F56: =IF(A56="","0,00",ROUND(C56*E56,2)) -> 0,00 | H56: =IF(A56="","",VLOOKUP(A56,'6.A'!$A$11:$E$7900,5,FALSE)) | I56: =IF(H56="","",IF(E56=H56,"SIM","NÃO")) | J56: =IF(H56="","",VLOOKUP(A56,'6.A'!$A$11:$E$480,4,FALSE)) | K56: =IF(H56="","",IF(J56=D56,"SIM","NÃO")) | L56: =IF(H56="","",IF(C56="","",G12*C56)) | M56: =IF(A56="","",VLOOKUP(A56,'6.A'!$A$11:$C$480,2,FALSE)) | N56: =IF(A56="","",IF(M56=B56,"si","no"))
B57: =IF(A57="","",VLOOKUP(A57,'6.A'!$A$11:$E$105,2,FALSE)) | D57: =IF(A57="","",VLOOKUP(A57,'6.A'!$A$11:$E$105,4,FALSE)) | E57: =IF(A57="","",VLOOKUP(A57,'6.A'!$A$11:$E$105,5,FALSE)) | F57: =IF(A57="","0,00",ROUND(C57*E57,2)) -> 0,00 | H57: =IF(A57="","",VLOOKUP(A57,'6.A'!$A$11:$E$7900,5,FALSE)) | I57: =IF(H57="","",IF(E57=H57,"SIM","NÃO")) | J57: =IF(H57="","",VLOOKUP(A57,'6.A'!$A$11:$E$480,4,FALSE)) | K57: =IF(H57="","",IF(J57=D57,"SIM","NÃO")) | L57: =IF(H57="","",IF(C57="","",G12*C57)) | M57: =IF(A57="","",VLOOKUP(A57,'6.A'!$A$11:$C$480,2,FALSE)) | N57: =IF(A57="","",IF(M57=B57,"si","no"))
B58: =IF(A58="","",VLOOKUP(A58,'6.A'!$A$11:$E$105,2,FALSE)) | D58: =IF(A58="","",VLOOKUP(A58,'6.A'!$A$11:$E$105,4,FALSE)) | E58: =IF(A58="","",VLOOKUP(A58,'6.A'!$A$11:$E$105,5,FALSE)) | F58: =IF(A58="","0,00",ROUND(C58*E58,2)) -> 0,00 | H58: =IF(A58="","",VLOOKUP(A58,'6.A'!$A$11:$E$7900,5,FALSE)) | I58: =IF(H58="","",IF(E58=H58,"SIM","NÃO")) | J58: =IF(H58="","",VLOOKUP(A58,'6.A'!$A$11:$E$480,4,FALSE)) | K58: =IF(H58="","",IF(J58=D58,"SIM","NÃO")) | L58: =IF(H58="","",IF(C58="","",G12*C58)) | M58: =IF(A58="","",VLOOKUP(A58,'6.A'!$A$11:$C$480,2,FALSE)) | N58: =IF(A58="","",IF(M58=B58,"si","no"))
B59: =IF(A59="","",VLOOKUP(A59,'6.A'!$A$11:$E$105,2,FALSE)) | D59: =IF(A59="","",VLOOKUP(A59,'6.A'!$A$11:$E$105,4,FALSE)) | E59: =IF(A59="","",VLOOKUP(A59,'6.A'!$A$11:$E$105,5,FALSE)) | F59: =IF(A59="","0,00",ROUND(C59*E59,2)) -> 0,00 | H59: =IF(A59="","",VLOOKUP(A59,'6.A'!$A$11:$E$7900,5,FALSE)) | I59: =IF(H59="","",IF(E59=H59,"SIM","NÃO")) | J59: =IF(H59="","",VLOOKUP(A59,'6.A'!$A$11:$E$480,4,FALSE)) | K59: =IF(H59="","",IF(J59=D59,"SIM","NÃO")) | L59: =IF(H59="","",IF(C59="","",G12*C59)) | M59: =IF(A59="","",VLOOKUP(A59,'6.A'!$A$11:$C$480,2,FALSE)) | N59: =IF(A59="","",IF(M59=B59,"si","no"))
B60: =IF(A60="","",VLOOKUP(A60,'6.A'!$A$11:$E$105,2,FALSE)) | D60: =IF(A60="","",VLOOKUP(A60,'6.A'!$A$11:$E$105,4,FALSE)) | E60: =IF(A60="","",VLOOKUP(A60,'6.A'!$A$11:$E$105,5,FALSE)) | F60: =IF(A60="","0,00",ROUND(C60*E60,2)) -> 0,00 | H60: =IF(A60="","",VLOOKUP(A60,'6.A'!$A$11:$E$7900,5,FALSE)) | I60: =IF(H60="","",IF(E60=H60,"SIM","NÃO")) | J60: =IF(H60="","",VLOOKUP(A60,'6.A'!$A$11:$E$480,4,FALSE)) | K60: =IF(H60="","",IF(J60=D60,"SIM","NÃO")) | L60: =IF(H60="","",IF(C60="","",G12*C60)) | M60: =IF(A60="","",VLOOKUP(A60,'6.A'!$A$11:$C$480,2,FALSE)) | N60: =IF(A60="","",IF(M60=B60,"si","no"))
B61: =$A$9 -> BDI - MÃO DE OBRA / SERVIÇOS / MATERIAIS EM GERAL | C61: =$C$9 -> 0 | F61: =ROUND(SUM(F41:F60)*C61,2) -> 0
B62: TOTAL DE MATERIAIS | F62: =ROUND(SUM(F41:F61),2) -> 0
A64: ='3.A'!$A$19 -> 1.2 | B64: =IF(A64="","",VLOOKUP(A64,'3.A'!$A$16:$M$111,2,FALSE)) -> OPERAÇÃO E MANUTENÇÃO DO CANTEIRO DE OBRAS | C64: UNIDADE: | E64: =IF(A64="","",VLOOKUP(A64,'3.A'!$A$16:$M$111,3,FALSE)) -> GB | F64: =ROUND(F78+F91+F114,2) -> 0 | G64: =VLOOKUP(A64,'3.A'!$A$18:$I$111,4,FALSE) -> 1 | H64: =SUM(F66:F77) -> 0 | I64: =SUM(F80:F90) -> 0 | J64: =SUM(F93:F113) -> 0 | K64: =SUM(H64:J64) -> 0 | L64: =IF(K64=F64,"SIM","NÃO") -> SIM | M64: =ROUND(SUM(F66:F75)*C76,2)+ROUND(SUM(F66:F76)*C77,2)+ROUND(SUM(F66:F75),2)+ROUND(SUM(F80:F89)*C90,2)+ROUND(SUM(F80:F89),2)+ROUND(SUM(F93:F112)*C113,2)+ROUND(SUM(F93:F112),2) -> 0 | N64: =IF(M64=F64,"SIM","NÃO") -> SIM | O64: =VLOOKUP(A64,'3.A'!$A$8:$E$111,3,FALSE) -> GB | P64: =IF(O64=E64,"SIM","NÃO") -> SIM | Q64: =ROUND(G64*F78,2)+ROUND(G64*F91,2)+ROUND(G64*F114,2) -> 0 | R64: =VLOOKUP(A64,'3.A'!$A$16:$L$111,12,FALSE) -> 0 | S64: =IF(Q64=R64,"si","no") -> si | T64: =SUM(L66:L75)+SUM(L80:L89)+SUM(L93:L112) -> 1182 | U64: =G64*C68+G64*C66+G64*C73+G64*C71+G64*C75+G64*C70+G64*C69+G64*C72+G64*C74+G64*C67+G64*C88+G64*C82+G64*C81+G64*C80+G64*C87+G64*C84+G64*C83+G64*C85+G64*C89+G64*C86+G64*C93+G64*C94+G64*C95+G64*C103+G64*C104+G64*C105+G64*C106+G64*C107+G64*C108+G64*C109+G64*C110+G64*C111+G64*C112+G64*C101+G64*C102+G64*C96+G64*C97+G64*C98+G64*C99+G64*C100 -> 1182 | V64: =IF(T64=U64,"si","no") -> si
A65: 1.0 | B65: MÃO DE OBRA | C65: COEF. | D65: UNID. | E65: CUSTO UNIT. (R$) | F65: TOTAL (R$)
A66: ='6.A'!$A$22 -> 90772 | B66: =IF(A66="","",VLOOKUP(A66,'6.A'!$A$11:$E$105,2,FALSE)) -> AUXILIAR DE ESCRITORIO COM ENCARGOS COMPLEMENTARES | C66: =3*20*5 -> 300 | D66: =IF(A66="","",VLOOKUP(A66,'6.A'!$A$11:$E$105,4,FALSE)) -> H | E66: =IF(A66="","",VLOOKUP(A66,'6.A'!$A$11:$E$105,5,FALSE)) -> 0 | F66: =IF(A66="","0,00",ROUND(C66*E66,2)) -> 0 | H66: =IF(A66="","",VLOOKUP(A66,'6.A'!$A$11:$E$7900,5,FALSE)) -> 0 | I66: =IF(H66="","",IF(E66=H66,"SIM","NÃO")) -> SIM | J66: =IF(H66="","",VLOOKUP(A66,'6.A'!$A$11:$E$480,4,FALSE)) -> H | K66: =IF(H66="","",IF(J66=D66,"SIM","NÃO")) -> SIM | L66: =IF(H66="","",IF(C66="","",G64*C66)) -> 300 | M66: =IF(A66="","",VLOOKUP(A66,'6.A'!$A$11:$C$480,2,FALSE)) -> AUXILIAR DE ESCRITORIO COM ENCARGOS COMPLEMENTARES | N66: =IF(A66="","",IF(M66=B66,"si","no")) -> si
A67: ='6.A'!$A$24 -> 90776 | B67: =IF(A67="","",VLOOKUP(A67,'6.A'!$A$11:$E$105,2,FALSE)) -> ENCARREGADO GERAL COM ENCARGOS COMPLEMENTARES | C67: =4*20*5 -> 400 | D67: =IF(A67="","",VLOOKUP(A67,'6.A'!$A$11:$E$105,4,FALSE)) -> H | E67: =IF(A67="","",VLOOKUP(A67,'6.A'!$A$11:$E$105,5,FALSE)) -> 0 | F67: =IF(A67="","0,00",ROUND(C67*E67,2)) -> 0 | H67: =IF(A67="","",VLOOKUP(A67,'6.A'!$A$11:$E$7900,5,FALSE)) -> 0 | I67: =IF(H67="","",IF(E67=H67,"SIM","NÃO")) -> SIM | J67: =IF(H67="","",VLOOKUP(A67,'6.A'!$A$11:$E$480,4,FALSE)) -> H | K67: =IF(H67="","",IF(J67=D67,"SIM","NÃO")) -> SIM | L67: =IF(H67="","",IF(C67="","",G64*C67)) -> 400 | M67: =IF(A67="","",VLOOKUP(A67,'6.A'!$A$11:$C$480,2,FALSE)) -> ENCARREGADO GERAL COM ENCARGOS COMPLEMENTARES | N67: =IF(A67="","",IF(M67=B67,"si","no")) -> si
A68: ='6.A'!$A$25 -> 90777 | B68: =IF(A68="","",VLOOKUP(A68,'6.A'!$A$11:$E$105,2,FALSE)) -> ENGENHEIRO CIVIL DE OBRA JUNIOR COM ENCARGOS COMPLEMENTARES | C68: =2*20*5 -> 200 | D68: =IF(A68="","",VLOOKUP(A68,'6.A'!$A$11:$E$105,4,FALSE)) -> H | E68: =IF(A68="","",VLOOKUP(A68,'6.A'!$A$11:$E$105,5,FALSE)) -> 0 | F68: =IF(A68="","0,00",ROUND(C68*E68,2)) -> 0 | H68: =IF(A68="","",VLOOKUP(A68,'6.A'!$A$11:$E$7900,5,FALSE)) -> 0 | I68: =IF(H68="","",IF(E68=H68,"SIM","NÃO")) -> SIM | J68: =IF(H68="","",VLOOKUP(A68,'6.A'!$A$11:$E$480,4,FALSE)) -> H | K68: =IF(H68="","",IF(J68=D68,"SIM","NÃO")) -> SIM | L68: =IF(H68="","",IF(C68="","",G64*C68)) -> 200 | M68: =IF(A68="","",VLOOKUP(A68,'6.A'!$A$11:$C$480,2,FALSE)) -> ENGENHEIRO CIVIL DE OBRA JUNIOR COM ENCARGOS COMPLEMENTARES | N68: =IF(A68="","",IF(M68=B68,"si","no")) -> si
A69: ='6.A'!$A$28 -> 100309 | B69: =IF(A69="","",VLOOKUP(A69,'6.A'!$A$11:$E$105,2,FALSE)) -> TÉCNICO EM SEGURANÇA DO TRABALHO COM ENCARGOS COMPLEMENTARES | C69: =1*20*4 -> 80 | D69: =IF(A69="","",VLOOKUP(A69,'6.A'!$A$11:$E$105,4,FALSE)) -> H | E69: =IF(A69="","",VLOOKUP(A69,'6.A'!$A$11:$E$105,5,FALSE)) -> 0 | F69: =IF(A69="","0,00",ROUND(C69*E69,2)) -> 0 | H69: =IF(A69="","",VLOOKUP(A69,'6.A'!$A$11:$E$7900,5,FALSE)) -> 0 | I69: =IF(H69="","",IF(E69=H69,"SIM","NÃO")) -> SIM | J69: =IF(H69="","",VLOOKUP(A69,'6.A'!$A$11:$E$480,4,FALSE)) -> H | K69: =IF(H69="","",IF(J69=D69,"SIM","NÃO")) -> SIM | L69: =IF(H69="","",IF(C69="","",G64*C69)) -> 80 | M69: =IF(A69="","",VLOOKUP(A69,'6.A'!$A$11:$C$480,2,FALSE)) -> TÉCNICO EM SEGURANÇA DO TRABALHO COM ENCARGOS COMPLEMENTARES | N69: =IF(A69="","",IF(M69=B69,"si","no")) -> si
B70: =IF(A70="","",VLOOKUP(A70,'6.A'!$A$11:$E$105,2,FALSE)) | D70: =IF(A70="","",VLOOKUP(A70,'6.A'!$A$11:$E$105,4,FALSE)) | E70: =IF(A70="","",VLOOKUP(A70,'6.A'!$A$11:$E$105,5,FALSE)) | F70: =IF(A70="","0,00",ROUND(C70*E70,2)) -> 0,00 | H70: =IF(A70="","",VLOOKUP(A70,'6.A'!$A$11:$E$7900,5,FALSE)) | I70: =IF(H70="","",IF(E70=H70,"SIM","NÃO")) | J70: =IF(H70="","",VLOOKUP(A70,'6.A'!$A$11:$E$480,4,FALSE)) | K70: =IF(H70="","",IF(J70=D70,"SIM","NÃO")) | L70: =IF(H70="","",IF(C70="","",G62*C70)) | M70: =IF(A70="","",VLOOKUP(A70,'6.A'!$A$11:$C$480,2,FALSE)) | N70: =IF(A70="","",IF(M70=B70,"si","no"))
B71: =IF(A71="","",VLOOKUP(A71,'6.A'!$A$11:$E$105,2,FALSE)) | D71: =IF(A71="","",VLOOKUP(A71,'6.A'!$A$11:$E$105,4,FALSE)) | E71: =IF(A71="","",VLOOKUP(A71,'6.A'!$A$11:$E$105,5,FALSE)) | F71: =IF(A71="","0,00",ROUND(C71*E71,2)) -> 0,00 | H71: =IF(A71="","",VLOOKUP(A71,'6.A'!$A$11:$E$7900,5,FALSE)) | I71: =IF(H71="","",IF(E71=H71,"SIM","NÃO")) | J71: =IF(H71="","",VLOOKUP(A71,'6.A'!$A$11:$E$480,4,FALSE)) | K71: =IF(H71="","",IF(J71=D71,"SIM","NÃO")) | L71: =IF(H71="","",IF(C71="","",G62*C71)) | M71: =IF(A71="","",VLOOKUP(A71,'6.A'!$A$11:$C$480,2,FALSE)) | N71: =IF(A71="","",IF(M71=B71,"si","no"))
B72: =IF(A72="","",VLOOKUP(A72,'6.A'!$A$11:$E$105,2,FALSE)) | D72: =IF(A72="","",VLOOKUP(A72,'6.A'!$A$11:$E$105,4,FALSE)) | E72: =IF(A72="","",VLOOKUP(A72,'6.A'!$A$11:$E$105,5,FALSE)) | F72: =IF(A72="","0,00",ROUND(C72*E72,2)) -> 0,00 | H72: =IF(A72="","",VLOOKUP(A72,'6.A'!$A$11:$E$7900,5,FALSE)) | I72: =IF(H72="","",IF(E72=H72,"SIM","NÃO")) | J72: =IF(H72="","",VLOOKUP(A72,'6.A'!$A$11:$E$480,4,FALSE)) | K72: =IF(H72="","",IF(J72=D72,"SIM","NÃO")) | L72: =IF(H72="","",IF(C72="","",G62*C72)) | M72: =IF(A72="","",VLOOKUP(A72,'6.A'!$A$11:$C$480,2,FALSE)) | N72: =IF(A72="","",IF(M72=B72,"si","no"))
B73: =IF(A73="","",VLOOKUP(A73,'6.A'!$A$11:$E$105,2,FALSE)) | D73: =IF(A73="","",VLOOKUP(A73,'6.A'!$A$11:$E$105,4,FALSE)) | E73: =IF(A73="","",VLOOKUP(A73,'6.A'!$A$11:$E$105,5,FALSE)) | F73: =IF(A73="","0,00",ROUND(C73*E73,2)) -> 0,00 | H73: =IF(A73="","",VLOOKUP(A73,'6.A'!$A$11:$E$7900,5,FALSE)) | I73: =IF(H73="","",IF(E73=H73,"SIM","NÃO")) | J73: =IF(H73="","",VLOOKUP(A73,'6.A'!$A$11:$E$480,4,FALSE)) | K73: =IF(H73="","",IF(J73=D73,"SIM","NÃO")) | L73: =IF(H73="","",IF(C73="","",G62*C73)) | M73: =IF(A73="","",VLOOKUP(A73,'6.A'!$A$11:$C$480,2,FALSE)) | N73: =IF(A73="","",IF(M73=B73,"si","no"))
B74: =IF(A74="","",VLOOKUP(A74,'6.A'!$A$11:$E$105,2,FALSE)) | D74: =IF(A74="","",VLOOKUP(A74,'6.A'!$A$11:$E$105,4,FALSE)) | E74: =IF(A74="","",VLOOKUP(A74,'6.A'!$A$11:$E$105,5,FALSE)) | F74: =IF(A74="","0,00",ROUND(C74*E74,2)) -> 0,00 | H74: =IF(A74="","",VLOOKUP(A74,'6.A'!$A$11:$E$7900,5,FALSE)) | I74: =IF(H74="","",IF(E74=H74,"SIM","NÃO")) | J74: =IF(H74="","",VLOOKUP(A74,'6.A'!$A$11:$E$480,4,FALSE)) | K74: =IF(H74="","",IF(J74=D74,"SIM","NÃO")) | L74: =IF(H74="","",IF(C74="","",G64*C74)) | M74: =IF(A74="","",VLOOKUP(A74,'6.A'!$A$11:$C$480,2,FALSE)) | N74: =IF(A74="","",IF(M74=B74,"si","no"))
B75: =IF(A75="","",VLOOKUP(A75,'6.A'!$A$11:$E$105,2,FALSE)) | D75: =IF(A75="","",VLOOKUP(A75,'6.A'!$A$11:$E$105,4,FALSE)) | E75: =IF(A75="","",VLOOKUP(A75,'6.A'!$A$11:$E$105,5,FALSE)) | F75: =IF(A75="","0,00",ROUND(C75*E75,2)) -> 0,00 | H75: =IF(A75="","",VLOOKUP(A75,'6.A'!$A$11:$E$7900,5,FALSE)) | I75: =IF(H75="","",IF(E75=H75,"SIM","NÃO")) | J75: =IF(H75="","",VLOOKUP(A75,'6.A'!$A$11:$E$480,4,FALSE)) | K75: =IF(H75="","",IF(J75=D75,"SIM","NÃO")) | L75: =IF(H75="","",IF(C75="","",G64*C75)) | M75: =IF(A75="","",VLOOKUP(A75,'6.A'!$A$11:$C$480,2,FALSE)) | N75: =IF(A75="","",IF(M75=B75,"si","no"))
B76: =$A$8 -> LEIS SOCIAIS HORISTA - JORNADA NORMAL | C76: =$C$8 -> 0 | F76: =ROUND(SUM(F66:F75)*C76,2) -> 0
B77: =$A$9 -> BDI - MÃO DE OBRA / SERVIÇOS / MATERIAIS EM GERAL | C77: =$C$9 -> 0 | F77: =ROUND(SUM(F66:F76)*C77,2) -> 0
B78: TOTAL DE MÃO DE OBRA | F78: =ROUND(SUM(F66:F77),2) -> 0
A79: 2.0 | B79: EQUIPAMENTOS E SERVIÇOS | C79: COEF. | D79: UNID. | E79: CUSTO UNIT. (R$) | F79: TOTAL (R$)
A80: ='6.A'!$A$31 -> B8953 | B80: =IF(A80="","",VLOOKUP(A80,'6.A'!$A$11:$E$105,2,FALSE)) -> MOBILIÁRIO DE ESCRITÓRIO - POR OCUPANTE | C80: =4*4 -> 16 | D80: =IF(A80="","",VLOOKUP(A80,'6.A'!$A$11:$E$105,4,FALSE)) -> UN.MÊS | E80: =IF(A80="","",VLOOKUP(A80,'6.A'!$A$11:$E$105,5,FALSE)) -> 0 | F80: =IF(A80="","0,00",ROUND(C80*E80,2)) -> 0 | H80: =IF(A80="","",VLOOKUP(A80,'6.A'!$A$11:$E$7900,5,FALSE)) -> 0 | I80: =IF(H80="","",IF(E80=H80,"SIM","NÃO")) -> SIM | J80: =IF(H80="","",VLOOKUP(A80,'6.A'!$A$11:$E$480,4,FALSE)) -> UN.MÊS | K80: =IF(H80="","",IF(J80=D80,"SIM","NÃO")) -> SIM | L80: =IF(H80="","",IF(C80="","",G64*C80)) -> 16 | M80: =IF(A80="","",VLOOKUP(A80,'6.A'!$A$11:$C$480,2,FALSE)) -> MOBILIÁRIO DE ESCRITÓRIO - POR OCUPANTE | N80: =IF(A80="","",IF(M80=B80,"si","no")) -> si
A81: ='6.A'!$A$32 -> B8959 | B81: =IF(A81="","",VLOOKUP(A81,'6.A'!$A$11:$E$105,2,FALSE)) -> CUSTOS DIVERSOS DE ESCRITÓRIO - POR OCUPANTE | C81: =4*4 -> 16 | D81: =IF(A81="","",VLOOKUP(A81,'6.A'!$A$11:$E$105,4,FALSE)) -> UN.MÊS | E81: =IF(A81="","",VLOOKUP(A81,'6.A'!$A$11:$E$105,5,FALSE)) -> 0 | F81: =IF(A81="","0,00",ROUND(C81*E81,2)) -> 0 | H81: =IF(A81="","",VLOOKUP(A81,'6.A'!$A$11:$E$7900,5,FALSE)) -> 0 | I81: =IF(H81="","",IF(E81=H81,"SIM","NÃO")) -> SIM | J81: =IF(H81="","",VLOOKUP(A81,'6.A'!$A$11:$E$480,4,FALSE)) -> UN.MÊS | K81: =IF(H81="","",IF(J81=D81,"SIM","NÃO")) -> SIM | L81: =IF(H81="","",IF(C81="","",G64*C81)) -> 16 | M81: =IF(A81="","",VLOOKUP(A81,'6.A'!$A$11:$C$480,2,FALSE)) -> CUSTOS DIVERSOS DE ESCRITÓRIO - POR OCUPANTE | N81: =IF(A81="","",IF(M81=B81,"si","no")) -> si
A82: ='6.A'!$A$36 -> E9684.P | B82: =IF(A82="","",VLOOKUP(A82,'6.A'!$A$11:$E$105,2,FALSE)) -> VEÍCULO LEVE PICAPE 4 X 4 COM CAPACIDADE DE 1,10 T - 147 KW - CHP DIURNO | C82: =1*20*4 -> 80 | D82: =IF(A82="","",VLOOKUP(A82,'6.A'!$A$11:$E$105,4,FALSE)) -> CHP | E82: =IF(A82="","",VLOOKUP(A82,'6.A'!$A$11:$E$105,5,FALSE)) -> 0 | F82: =IF(A82="","0,00",ROUND(C82*E82,2)) -> 0 | H82: =IF(A82="","",VLOOKUP(A82,'6.A'!$A$11:$E$7900,5,FALSE)) -> 0 | I82: =IF(H82="","",IF(E82=H82,"SIM","NÃO")) -> SIM | J82: =IF(H82="","",VLOOKUP(A82,'6.A'!$A$11:$E$480,4,FALSE)) -> CHP | K82: =IF(H82="","",IF(J82=D82,"SIM","NÃO")) -> SIM | L82: =IF(H82="","",IF(C82="","",G64*C82)) -> 80 | M82: =IF(A82="","",VLOOKUP(A82,'6.A'!$A$11:$C$480,2,FALSE)) -> VEÍCULO LEVE PICAPE 4 X 4 COM CAPACIDADE DE 1,10 T - 147 KW - CHP DIURNO | N82: =IF(A82="","",IF(M82=B82,"si","no")) -> si
A83: ='6.A'!$A$37 -> E9684.I | B83: =IF(A83="","",VLOOKUP(A83,'6.A'!$A$11:$E$105,2,FALSE)) -> VEÍCULO LEVE PICAPE 4 X 4 COM CAPACIDADE DE 1,10 T - 147 KW - CHI DIURNO | C83: =1*20*4 -> 80 | D83: =IF(A83="","",VLOOKUP(A83,'6.A'!$A$11:$E$105,4,FALSE)) -> CHI | E83: =IF(A83="","",VLOOKUP(A83,'6.A'!$A$11:$E$105,5,FALSE)) -> 0 | F83: =IF(A83="","0,00",ROUND(C83*E83,2)) -> 0 | H83: =IF(A83="","",VLOOKUP(A83,'6.A'!$A$11:$E$7900,5,FALSE)) -> 0 | I83: =IF(H83="","",IF(E83=H83,"SIM","NÃO")) -> SIM | J83: =IF(H83="","",VLOOKUP(A83,'6.A'!$A$11:$E$480,4,FALSE)) -> CHI | K83: =IF(H83="","",IF(J83=D83,"SIM","NÃO")) -> SIM | L83: =IF(H83="","",IF(C83="","",G64*C83)) -> 80 | M83: =IF(A83="","",VLOOKUP(A83,'6.A'!$A$11:$C$480,2,FALSE)) -> VEÍCULO LEVE PICAPE 4 X 4 COM CAPACIDADE DE 1,10 T - 147 KW - CHI DIURNO | N83: =IF(A83="","",IF(M83=B83,"si","no")) -> si
A84: ='6.A'!$A$47 -> 10775 | B84: =IF(A84="","",VLOOKUP(A84,'6.A'!$A$11:$E$105,2,FALSE)) -> LOCACAO DE CONTAINER 2,30 X 6,00 M, ALT. 2,50 M, 1 SANITARIO, PARA ESCRITORIO, SEM DIVISORIAS INTERNAS | C84: 5 | D84: =IF(A84="","",VLOOKUP(A84,'6.A'!$A$11:$E$105,4,FALSE)) -> MÊS | E84: =IF(A84="","",VLOOKUP(A84,'6.A'!$A$11:$E$105,5,FALSE)) -> 0 | F84: =IF(A84="","0,00",ROUND(C84*E84,2)) -> 0 | H84: =IF(A84="","",VLOOKUP(A84,'6.A'!$A$11:$E$7900,5,FALSE)) -> 0 | I84: =IF(H84="","",IF(E84=H84,"SIM","NÃO")) -> SIM | J84: =IF(H84="","",VLOOKUP(A84,'6.A'!$A$11:$E$480,4,FALSE)) -> MÊS | K84: =IF(H84="","",IF(J84=D84,"SIM","NÃO")) -> SIM | L84: =IF(H84="","",IF(C84="","",G64*C84)) -> 5 | M84: =IF(A84="","",VLOOKUP(A84,'6.A'!$A$11:$C$480,2,FALSE)) -> LOCACAO DE CONTAINER 2,30 X 6,00 M, ALT. 2,50 M, 1 SANITARIO, PARA ESCRITORIO, SEM DIVISORIAS INTERNAS | N84: =IF(A84="","",IF(M84=B84,"si","no")) -> si
A85: ='6.A'!$A$48 -> 10777 | B85: =IF(A85="","",VLOOKUP(A85,'6.A'!$A$11:$E$105,2,FALSE)) -> LOCACAO DE CONTAINER 2,30 X 4,30 M, ALT. 2,50 M, 3 BACIAS, 4 CHUVEIROS, 1 LAVATORIO E 1 MICTORIO | C85: 5 | D85: =IF(A85="","",VLOOKUP(A85,'6.A'!$A$11:$E$105,4,FALSE)) -> MÊS | E85: =IF(A85="","",VLOOKUP(A85,'6.A'!$A$11:$E$105,5,FALSE)) -> 0 | F85: =IF(A85="","0,00",ROUND(C85*E85,2)) -> 0 | H85: =IF(A85="","",VLOOKUP(A85,'6.A'!$A$11:$E$7900,5,FALSE)) -> 0 | I85: =IF(H85="","",IF(E85=H85,"SIM","NÃO")) -> SIM | J85: =IF(H85="","",VLOOKUP(A85,'6.A'!$A$11:$E$480,4,FALSE)) -> MÊS | K85: =IF(H85="","",IF(J85=D85,"SIM","NÃO")) -> SIM | L85: =IF(H85="","",IF(C85="","",G64*C85)) -> 5 | M85: =IF(A85="","",VLOOKUP(A85,'6.A'!$A$11:$C$480,2,FALSE)) -> LOCACAO DE CONTAINER 2,30 X 4,30 M, ALT. 2,50 M, 3 BACIAS, 4 CHUVEIROS, 1 LAVATORIO E 1 MICTORIO | N85: =IF(A85="","",IF(M85=B85,"si","no")) -> si
B86: =IF(A86="","",VLOOKUP(A86,'6.A'!$A$11:$E$105,2,FALSE)) | D86: =IF(A86="","",VLOOKUP(A86,'6.A'!$A$11:$E$105,4,FALSE)) | E86: =IF(A86="","",VLOOKUP(A86,'6.A'!$A$11:$E$105,5,FALSE)) | F86: =IF(A86="","0,00",ROUND(C86*E86,2)) -> 0,00 | H86: =IF(A86="","",VLOOKUP(A86,'6.A'!$A$11:$E$7900,5,FALSE)) | I86: =IF(H86="","",IF(E86=H86,"SIM","NÃO")) | J86: =IF(H86="","",VLOOKUP(A86,'6.A'!$A$11:$E$480,4,FALSE)) | K86: =IF(H86="","",IF(J86=D86,"SIM","NÃO")) | L86: =IF(H86="","",IF(C86="","",G64*C86)) | M86: =IF(A86="","",VLOOKUP(A86,'6.A'!$A$11:$C$480,2,FALSE)) | N86: =IF(A86="","",IF(M86=B86,"si","no"))
B87: =IF(A87="","",VLOOKUP(A87,'6.A'!$A$11:$E$105,2,FALSE)) | D87: =IF(A87="","",VLOOKUP(A87,'6.A'!$A$11:$E$105,4,FALSE)) | E87: =IF(A87="","",VLOOKUP(A87,'6.A'!$A$11:$E$105,5,FALSE)) | F87: =IF(A87="","0,00",ROUND(C87*E87,2)) -> 0,00 | H87: =IF(A87="","",VLOOKUP(A87,'6.A'!$A$11:$E$7900,5,FALSE)) | I87: =IF(H87="","",IF(E87=H87,"SIM","NÃO")) | J87: =IF(H87="","",VLOOKUP(A87,'6.A'!$A$11:$E$480,4,FALSE)) | K87: =IF(H87="","",IF(J87=D87,"SIM","NÃO")) | L87: =IF(H87="","",IF(C87="","",G64*C87)) | M87: =IF(A87="","",VLOOKUP(A87,'6.A'!$A$11:$C$480,2,FALSE)) | N87: =IF(A87="","",IF(M87=B87,"si","no"))
B88: =IF(A88="","",VLOOKUP(A88,'6.A'!$A$11:$E$105,2,FALSE)) | D88: =IF(A88="","",VLOOKUP(A88,'6.A'!$A$11:$E$105,4,FALSE)) | E88: =IF(A88="","",VLOOKUP(A88,'6.A'!$A$11:$E$105,5,FALSE)) | F88: =IF(A88="","0,00",ROUND(C88*E88,2)) -> 0,00 | H88: =IF(A88="","",VLOOKUP(A88,'6.A'!$A$11:$E$7900,5,FALSE)) | I88: =IF(H88="","",IF(E88=H88,"SIM","NÃO")) | J88: =IF(H88="","",VLOOKUP(A88,'6.A'!$A$11:$E$480,4,FALSE)) | K88: =IF(H88="","",IF(J88=D88,"SIM","NÃO")) | L88: =IF(H88="","",IF(C88="","",G64*C88)) | M88: =IF(A88="","",VLOOKUP(A88,'6.A'!$A$11:$C$480,2,FALSE)) | N88: =IF(A88="","",IF(M88=B88,"si","no"))
B89: =IF(A89="","",VLOOKUP(A89,'6.A'!$A$11:$E$105,2,FALSE)) | D89: =IF(A89="","",VLOOKUP(A89,'6.A'!$A$11:$E$105,4,FALSE)) | E89: =IF(A89="","",VLOOKUP(A89,'6.A'!$A$11:$E$105,5,FALSE)) | F89: =IF(A89="","0,00",ROUND(C89*E89,2)) -> 0,00 | H89: =IF(A89="","",VLOOKUP(A89,'6.A'!$A$11:$E$7900,5,FALSE)) | I89: =IF(H89="","",IF(E89=H89,"SIM","NÃO")) | J89: =IF(H89="","",VLOOKUP(A89,'6.A'!$A$11:$E$480,4,FALSE)) | K89: =IF(H89="","",IF(J89=D89,"SIM","NÃO")) | L89: =IF(H89="","",IF(C89="","",G64*C89)) | M89: =IF(A89="","",VLOOKUP(A89,'6.A'!$A$11:$C$480,2,FALSE)) | N89: =IF(A89="","",IF(M89=B89,"si","no"))
B90: =$A$9 -> BDI - MÃO DE OBRA / SERVIÇOS / MATERIAIS EM GERAL | C90: =$C$9 -> 0 | F90: =ROUND(SUM(F80:F89)*C90,2) -> 0
B91: TOTAL DE EQUIPAMENTOS E SERVIÇOS | F91: =ROUND(SUM(F80:F90),2) -> 0
A92: 3.0 | B92: MATERIAIS | C92: COEF. | D92: UNID. | E92: CUSTO UNIT. (R$) | F92: TOTAL (R$)
B93: =IF(A93="","",VLOOKUP(A93,'6.A'!$A$11:$E$105,2,FALSE)) | D93: =IF(A93="","",VLOOKUP(A93,'6.A'!$A$11:$E$105,4,FALSE)) | E93: =IF(A93="","",VLOOKUP(A93,'6.A'!$A$11:$E$105,5,FALSE)) | F93: =IF(A93="","0,00",ROUND(C93*E93,2)) -> 0,00 | H93: =IF(A93="","",VLOOKUP(A93,'6.A'!$A$11:$E$7900,5,FALSE)) | I93: =IF(H93="","",IF(E93=H93,"SIM","NÃO")) | J93: =IF(H93="","",VLOOKUP(A93,'6.A'!$A$11:$E$480,4,FALSE)) | K93: =IF(H93="","",IF(J93=D93,"SIM","NÃO")) | L93: =IF(H93="","",IF(C93="","",G64*C93)) | M93: =IF(A93="","",VLOOKUP(A93,'6.A'!$A$11:$C$480,2,FALSE)) | N93: =IF(A93="","",IF(M93=B93,"si","no"))
B94: =IF(A94="","",VLOOKUP(A94,'6.A'!$A$11:$E$105,2,FALSE)) | D94: =IF(A94="","",VLOOKUP(A94,'6.A'!$A$11:$E$105,4,FALSE)) | E94: =IF(A94="","",VLOOKUP(A94,'6.A'!$A$11:$E$105,5,FALSE)) | F94: =IF(A94="","0,00",ROUND(C94*E94,2)) -> 0,00 | H94: =IF(A94="","",VLOOKUP(A94,'6.A'!$A$11:$E$7900,5,FALSE)) | I94: =IF(H94="","",IF(E94=H94,"SIM","NÃO")) | J94: =IF(H94="","",VLOOKUP(A94,'6.A'!$A$11:$E$480,4,FALSE)) | K94: =IF(H94="","",IF(J94=D94,"SIM","NÃO")) | L94: =IF(H94="","",IF(C94="","",G64*C94)) | M94: =IF(A94="","",VLOOKUP(A94,'6.A'!$A$11:$C$480,2,FALSE)) | N94: =IF(A94="","",IF(M94=B94,"si","no"))
B95: =IF(A95="","",VLOOKUP(A95,'6.A'!$A$11:$E$105,2,FALSE)) | D95: =IF(A95="","",VLOOKUP(A95,'6.A'!$A$11:$E$105,4,FALSE)) | E95: =IF(A95="","",VLOOKUP(A95,'6.A'!$A$11:$E$105,5,FALSE)) | F95: =IF(A95="","0,00",ROUND(C95*E95,2)) -> 0,00 | H95: =IF(A95="","",VLOOKUP(A95,'6.A'!$A$11:$E$7900,5,FALSE)) | I95: =IF(H95="","",IF(E95=H95,"SIM","NÃO")) | J95: =IF(H95="","",VLOOKUP(A95,'6.A'!$A$11:$E$480,4,FALSE)) | K95: =IF(H95="","",IF(J95=D95,"SIM","NÃO")) | L95: =IF(H95="","",IF(C95="","",G64*C95)) | M95: =IF(A95="","",VLOOKUP(A95,'6.A'!$A$11:$C$480,2,FALSE)) | N95: =IF(A95="","",IF(M95=B95,"si","no"))
B96: =IF(A96="","",VLOOKUP(A96,'6.A'!$A$11:$E$105,2,FALSE)) | D96: =IF(A96="","",VLOOKUP(A96,'6.A'!$A$11:$E$105,4,FALSE)) | E96: =IF(A96="","",VLOOKUP(A96,'6.A'!$A$11:$E$105,5,FALSE)) | F96: =IF(A96="","0,00",ROUND(C96*E96,2)) -> 0,00 | H96: =IF(A96="","",VLOOKUP(A96,'6.A'!$A$11:$E$7900,5,FALSE)) | I96: =IF(H96="","",IF(E96=H96,"SIM","NÃO")) | J96: =IF(H96="","",VLOOKUP(A96,'6.A'!$A$11:$E$480,4,FALSE)) | K96: =IF(H96="","",IF(J96=D96,"SIM","NÃO")) | L96: =IF(H96="","",IF(C96="","",G64*C96)) | M96: =IF(A96="","",VLOOKUP(A96,'6.A'!$A$11:$C$480,2,FALSE)) | N96: =IF(A96="","",IF(M96=B96,"si","no"))
B97: =IF(A97="","",VLOOKUP(A97,'6.A'!$A$11:$E$105,2,FALSE)) | D97: =IF(A97="","",VLOOKUP(A97,'6.A'!$A$11:$E$105,4,FALSE)) | E97: =IF(A97="","",VLOOKUP(A97,'6.A'!$A$11:$E$105,5,FALSE)) | F97: =IF(A97="","0,00",ROUND(C97*E97,2)) -> 0,00 | H97: =IF(A97="","",VLOOKUP(A97,'6.A'!$A$11:$E$7900,5,FALSE)) | I97: =IF(H97="","",IF(E97=H97,"SIM","NÃO")) | J97: =IF(H97="","",VLOOKUP(A97,'6.A'!$A$11:$E$480,4,FALSE)) | K97: =IF(H97="","",IF(J97=D97,"SIM","NÃO")) | L97: =IF(H97="","",IF(C97="","",G64*C97)) | M97: =IF(A97="","",VLOOKUP(A97,'6.A'!$A$11:$C$480,2,FALSE)) | N97: =IF(A97="","",IF(M97=B97,"si","no"))
B98: =IF(A98="","",VLOOKUP(A98,'6.A'!$A$11:$E$105,2,FALSE)) | D98: =IF(A98="","",VLOOKUP(A98,'6.A'!$A$11:$E$105,4,FALSE)) | E98: =IF(A98="","",VLOOKUP(A98,'6.A'!$A$11:$E$105,5,FALSE)) | F98: =IF(A98="","0,00",ROUND(C98*E98,2)) -> 0,00 | H98: =IF(A98="","",VLOOKUP(A98,'6.A'!$A$11:$E$7900,5,FALSE)) | I98: =IF(H98="","",IF(E98=H98,"SIM","NÃO")) | J98: =IF(H98="","",VLOOKUP(A98,'6.A'!$A$11:$E$480,4,FALSE)) | K98: =IF(H98="","",IF(J98=D98,"SIM","NÃO")) | L98: =IF(H98="","",IF(C98="","",G64*C98)) | M98: =IF(A98="","",VLOOKUP(A98,'6.A'!$A$11:$C$480,2,FALSE)) | N98: =IF(A98="","",IF(M98=B98,"si","no"))
B99: =IF(A99="","",VLOOKUP(A99,'6.A'!$A$11:$E$105,2,FALSE)) | D99: =IF(A99="","",VLOOKUP(A99,'6.A'!$A$11:$E$105,4,FALSE)) | F99: =IF(A99="","0,00",ROUND(C99*E99,2)) -> 0,00 | H99: =IF(A99="","",VLOOKUP(A99,'6.A'!$A$11:$E$7900,5,FALSE)) | I99: =IF(H99="","",IF(E99=H99,"SIM","NÃO")) | J99: =IF(H99="","",VLOOKUP(A99,'6.A'!$A$11:$E$480,4,FALSE)) | K99: =IF(H99="","",IF(J99=D99,"SIM","NÃO")) | L99: =IF(H99="","",IF(C99="","",G64*C99)) | M99: =IF(A99="","",VLOOKUP(A99,'6.A'!$A$11:$C$480,2,FALSE)) | N99: =IF(A99="","",IF(M99=B99,"si","no"))
B100: =IF(A100="","",VLOOKUP(A100,'6.A'!$A$11:$E$105,2,FALSE)) | D100: =IF(A100="","",VLOOKUP(A100,'6.A'!$A$11:$E$105,4,FALSE)) | E100: =IF(A100="","",VLOOKUP(A100,'6.A'!$A$11:$E$105,5,FALSE)) | F100: =IF(A100="","0,00",ROUND(C100*E100,2)) -> 0,00 | H100: =IF(A100="","",VLOOKUP(A100,'6.A'!$A$11:$E$7900,5,FALSE)) | I100: =IF(H100="","",IF(E100=H100,"SIM","NÃO")) | J100: =IF(H100="","",VLOOKUP(A100,'6.A'!$A$11:$E$480,4,FALSE)) | K100: =IF(H100="","",IF(J100=D100,"SIM","NÃO")) | L100: =IF(H100="","",IF(C100="","",G64*C100)) | M100: =IF(A100="","",VLOOKUP(A100,'6.A'!$A$11:$C$480,2,FALSE)) | N100: =IF(A100="","",IF(M100=B100,"si","no"))
B101: =IF(A101="","",VLOOKUP(A101,'6.A'!$A$11:$E$105,2,FALSE)) | D101: =IF(A101="","",VLOOKUP(A101,'6.A'!$A$11:$E$105,4,FALSE)) | E101: =IF(A101="","",VLOOKUP(A101,'6.A'!$A$11:$E$105,5,FALSE)) | F101: =IF(A101="","0,00",ROUND(C101*E101,2)) -> 0,00 | H101: =IF(A101="","",VLOOKUP(A101,'6.A'!$A$11:$E$7900,5,FALSE)) | I101: =IF(H101="","",IF(E101=H101,"SIM","NÃO")) | J101: =IF(H101="","",VLOOKUP(A101,'6.A'!$A$11:$E$480,4,FALSE)) | K101: =IF(H101="","",IF(J101=D101,"SIM","NÃO")) | L101: =IF(H101="","",IF(C101="","",G64*C101)) | M101: =IF(A101="","",VLOOKUP(A101,'6.A'!$A$11:$C$480,2,FALSE)) | N101: =IF(A101="","",IF(M101=B101,"si","no"))
B102: =IF(A102="","",VLOOKUP(A102,'6.A'!$A$11:$E$105,2,FALSE)) | D102: =IF(A102="","",VLOOKUP(A102,'6.A'!$A$11:$E$105,4,FALSE)) | E102: =IF(A102="","",VLOOKUP(A102,'6.A'!$A$11:$E$105,5,FALSE)) | F102: =IF(A102="","0,00",ROUND(C102*E102,2)) -> 0,00 | H102: =IF(A102="","",VLOOKUP(A102,'6.A'!$A$11:$E$7900,5,FALSE)) | I102: =IF(H102="","",IF(E102=H102,"SIM","NÃO")) | J102: =IF(H102="","",VLOOKUP(A102,'6.A'!$A$11:$E$480,4,FALSE)) | K102: =IF(H102="","",IF(J102=D102,"SIM","NÃO")) | L102: =IF(H102="","",IF(C102="","",G64*C102)) | M102: =IF(A102="","",VLOOKUP(A102,'6.A'!$A$11:$C$480,2,FALSE)) | N102: =IF(A102="","",IF(M102=B102,"si","no"))
B103: =IF(A103="","",VLOOKUP(A103,'6.A'!$A$11:$E$105,2,FALSE)) | D103: =IF(A103="","",VLOOKUP(A103,'6.A'!$A$11:$E$105,4,FALSE)) | E103: =IF(A103="","",VLOOKUP(A103,'6.A'!$A$11:$E$105,5,FALSE)) | F103: =IF(A103="","0,00",ROUND(C103*E103,2)) -> 0,00 | H103: =IF(A103="","",VLOOKUP(A103,'6.A'!$A$11:$E$7900,5,FALSE)) | I103: =IF(H103="","",IF(E103=H103,"SIM","NÃO")) | J103: =IF(H103="","",VLOOKUP(A103,'6.A'!$A$11:$E$480,4,FALSE)) | K103: =IF(H103="","",IF(J103=D103,"SIM","NÃO")) | L103: =IF(H103="","",IF(C103="","",G64*C103)) | M103: =IF(A103="","",VLOOKUP(A103,'6.A'!$A$11:$C$480,2,FALSE)) | N103: =IF(A103="","",IF(M103=B103,"si","no"))
B104: =IF(A104="","",VLOOKUP(A104,'6.A'!$A$11:$E$105,2,FALSE)) | D104: =IF(A104="","",VLOOKUP(A104,'6.A'!$A$11:$E$105,4,FALSE)) | E104: =IF(A104="","",VLOOKUP(A104,'6.A'!$A$11:$E$105,5,FALSE)) | F104: =IF(A104="","0,00",ROUND(C104*E104,2)) -> 0,00 | H104: =IF(A104="","",VLOOKUP(A104,'6.A'!$A$11:$E$7900,5,FALSE)) | I104: =IF(H104="","",IF(E104=H104,"SIM","NÃO")) | J104: =IF(H104="","",VLOOKUP(A104,'6.A'!$A$11:$E$480,4,FALSE)) | K104: =IF(H104="","",IF(J104=D104,"SIM","NÃO")) | L104: =IF(H104="","",IF(C104="","",G64*C104)) | M104: =IF(A104="","",VLOOKUP(A104,'6.A'!$A$11:$C$480,2,FALSE)) | N104: =IF(A104="","",IF(M104=B104,"si","no"))
B105: =IF(A105="","",VLOOKUP(A105,'6.A'!$A$11:$E$105,2,FALSE)) | D105: =IF(A105="","",VLOOKUP(A105,'6.A'!$A$11:$E$105,4,FALSE)) | E105: =IF(A105="","",VLOOKUP(A105,'6.A'!$A$11:$E$105,5,FALSE)) | F105: =IF(A105="","0,00",ROUND(C105*E105,2)) -> 0,00 | H105: =IF(A105="","",VLOOKUP(A105,'6.A'!$A$11:$E$7900,5,FALSE)) | I105: =IF(H105="","",IF(E105=H105,"SIM","NÃO")) | J105: =IF(H105="","",VLOOKUP(A105,'6.A'!$A$11:$E$480,4,FALSE)) | K105: =IF(H105="","",IF(J105=D105,"SIM","NÃO")) | L105: =IF(H105="","",IF(C105="","",G64*C105)) | M105: =IF(A105="","",VLOOKUP(A105,'6.A'!$A$11:$C$480,2,FALSE)) | N105: =IF(A105="","",IF(M105=B105,"si","no"))
B106: =IF(A106="","",VLOOKUP(A106,'6.A'!$A$11:$E$105,2,FALSE)) | D106: =IF(A106="","",VLOOKUP(A106,'6.A'!$A$11:$E$105,4,FALSE)) | E106: =IF(A106="","",VLOOKUP(A106,'6.A'!$A$11:$E$105,5,FALSE)) | F106: =IF(A106="","0,00",ROUND(C106*E106,2)) -> 0,00 | H106: =IF(A106="","",VLOOKUP(A106,'6.A'!$A$11:$E$7900,5,FALSE)) | I106: =IF(H106="","",IF(E106=H106,"SIM","NÃO")) | J106: =IF(H106="","",VLOOKUP(A106,'6.A'!$A$11:$E$480,4,FALSE)) | K106: =IF(H106="","",IF(J106=D106,"SIM","NÃO")) | L106: =IF(H106="","",IF(C106="","",G64*C106)) | M106: =IF(A106="","",VLOOKUP(A106,'6.A'!$A$11:$C$480,2,FALSE)) | N106: =IF(A106="","",IF(M106=B106,"si","no"))
B107: =IF(A107="","",VLOOKUP(A107,'6.A'!$A$11:$E$105,2,FALSE)) | D107: =IF(A107="","",VLOOKUP(A107,'6.A'!$A$11:$E$105,4,FALSE)) | E107: =IF(A107="","",VLOOKUP(A107,'6.A'!$A$11:$E$105,5,FALSE)) | F107: =IF(A107="","0,00",ROUND(C107*E107,2)) -> 0,00 | H107: =IF(A107="","",VLOOKUP(A107,'6.A'!$A$11:$E$7900,5,FALSE)) | I107: =IF(H107="","",IF(E107=H107,"SIM","NÃO")) | J107: =IF(H107="","",VLOOKUP(A107,'6.A'!$A$11:$E$480,4,FALSE)) | K107: =IF(H107="","",IF(J107=D107,"SIM","NÃO")) | L107: =IF(H107="","",IF(C107="","",G64*C107)) | M107: =IF(A107="","",VLOOKUP(A107,'6.A'!$A$11:$C$480,2,FALSE)) | N107: =IF(A107="","",IF(M107=B107,"si","no"))
...

Sheet 6.A
A1: ='3.A'!$A$1 -> TIMBRE LICITANTE
A6: ANEXO 6.A - CUSTOS UNITÁRIOS DE INSUMOS - LICITANTE
A8: ='3.A'!$A$8 -> AQUISIÇÃO DE SISTEMA COMPLETO DE GERADOR DE SOLUÇÃO OXIDANTE A BASE DE HIPOCLORITO DE SÓDIO PARA DESINFECÇÃO DO EFLUENTE NA ESTAÇÃO DE TRATAMENTO DE ESGOTO (ETE RIO PRETO), INCLUSO FORNECIMENTO DE EQUIPAMENTOS, MATERIAIS E OS SERVIÇOS DE OBRA CIVIL PARA ADEQUAÇÃO NECESSÁRIA AO SISTEMA, INSTALAÇÃO, START-UP E TREINAMENTO OPERACIONAL.
A11: 1.0 | B11: MÃO-DE-OBRA | D11: UNID | E11: VALOR
A12: 88238 | B12: AJUDANTE DE ARMADOR COM ENCARGOS COMPLEMENTARES | D12: H
A13: 88239 | B13: AJUDANTE DE CARPINTEIRO COM ENCARGOS COMPLEMENTARES | D13: H
A14: 88245 | B14: ARMADOR COM ENCARGOS COMPLEMENTARES | D14: H
A15: 88248 | B15: AUXILIAR DE ENCANADOR OU BOMBEIRO HIDRÁULICO COM ENCARGOS COMPLEMENTARES | D15: H
A16: 88256 | B16: AZULEJISTA OU LADRILHEIRO COM ENCARGOS COMPLEMENTARES | D16: H
A17: 88262 | B17: CARPINTEIRO DE FORMAS COM ENCARGOS COMPLEMENTARES | D17: H
A18: 88267 | B18: ENCANADOR OU BOMBEIRO HIDRÁULICO COM ENCARGOS COMPLEMENTARES | D18: H
A19: 88309 | B19: PEDREIRO COM ENCARGOS COMPLEMENTARES | D19: H
A20: 88310 | B20: PINTOR COM ENCARGOS COMPLEMENTARES | D20: H
A21: 88316 | B21: SERVENTE COM ENCARGOS COMPLEMENTARES | D21: H
A22: 90772 | B22: AUXILIAR DE ESCRITORIO COM ENCARGOS COMPLEMENTARES | D22: H
A23: 90775 | B23: DESENHISTA PROJETISTA COM ENCARGOS COMPLEMENTARES | D23: H
... A28: 100309 | B28: TÉCNICO EM SEGURANÇA DO TRABALHO COM ENCARGOS COMPLEMENTARES | D28: H
A30: 2.0 | B30: EQUIPAMENTOS / SERVIÇOS | D30: UNID | E30: VALOR
A31: B8953 | B31: MOBILIÁRIO DE ESCRITÓRIO - POR OCUPANTE | D31: UN.MÊS
A32: B8959 | B32: CUSTOS DIVERSOS DE ESCRITÓRIO - POR OCUPANTE | D32: UN.MÊS
A33: 20109 | B33: TAXA DE MOBILIZAÇÃO E DESMOBILIZAÇÃO DE EQUIPAMENTOS PARA EXECUÇÃO DE ESTACA ESCAVADA | D33: TX
A34: 20144 | B34: ESTACA ESCAVADA MECANICAMENTE, DIÂMETRO DE 25 CM ATÉ 20 T | D34: M
A35: GUIN002 | B35: GUINDASTE GIRATÓRIO DE COLUNA COM GIRO MOTORIZADO (INSTALAÇÃO, COMISSIONAMENTO, STARTUP E TREINAMENTO) | D35: UN
A36: E9684.P | B36: VEÍCULO LEVE PICAPE 4 X 4 COM CAPACIDADE DE 1,10 T - 147 KW - CHP DIURNO | D36: CHP
A37: E9684.I | B37: VEÍCULO LEVE PICAPE 4 X 4 COM CAPACIDADE DE 1,10 T - 147 KW - CHI DIURNO | D37: CHI
A38: EQ04499 | B38: CAMINHÃO CARROCERIA FIXA ABERTA DE MADEIRA COM CAPACIDADE 9 T 190CV, COM GUINDASTE MUNCK 5 T | D38: CHP
A39: EQ04618 | B39: VIBRADOR DE IMERSÃO COM PONTEIRA DE 60MM COMPRIMENTO DO MANGOTE DE 5M PARA CONCRETO | D39: CHP
A40: 70110155 | B40: GUARDA-CORPO RETO FIBRA DE VIDRO (PRFV) | D40: M
A41: 70110161 | B41: ESCADA TIPO MARINHEIRO FIBRA DE VIDRO | D41: M
A42: 74000458 | B42: COMPRESSÃO AXIAL EM CP's CILINDRICOS, INCLUSO CAPEAMENTO E RUPTURA - ENSAIOS EM CONCRETO | D42: UN
A43: 5678 | B43: RETROESCAVADEIRA SOBRE RODAS COM CARREGADEIRA, 88 HP - CHP DIURNO | D43: CHP
A44: 5795 | B44: MARTELETE OU ROMPEDOR PNEUMÁTICO MANUAL, 28 KG, COM SILENCIADOR - CHP DIURNO | D44: CHP
A45: 5940 | B45: PÁ CARREGADEIRA SOBRE RODAS, 128 HP, CAÇAMBA 1,7 A 2,8 M3 - CHP DIURNO | D45: CHP
A46: 5953 | B46: COMPRESSOR DE AR REBOCÁVEL, 189 PCM,102 PSI, DIESEL, 63 CV - CHP DIURNO | D46: CHP
A47: 10775 | B47: LOCACAO DE CONTAINER 2,30 X 6,00 M, ALT. 2,50 M, 1 SANITARIO, PARA ESCRITORIO, SEM DIVISORIAS INTERNAS | D47: MÊS
A48: 10777 | B48: LOCACAO DE CONTAINER 2,30 X 4,30 M, ALT. 2,50 M, 3 BACIAS, 4 CHUVEIROS, 1 LAVATORIO E 1 MICTORIO | D48: MÊS
A49: 67826 | B49: CAMINHÃO BASCULANTE 6M3 TOCO, POTÊNCIA 185 CV, INCLUSIVE CAÇAMBA METÁLICA - CHP DIURNO | D49: CHP
A50: 89225 | B50: BETONEIRA, CAPACIDADE DE MISTURA 360 L, MOTOR ELÉTRICO TRIFÁSICO DE 4 CV - CHP DIURNO | D50: CHP
A51: 91533 | B51: COMPACTADOR DE SOLOS (SOQUETE) COM MOTOR A GASOLINA 4 TEMPOS, POTÊNCIA 4 CV - CHP DIURNO | D51: CHP
... A59: 105114 | B59: EXECUÇÃO DOS APOIOS PARA CONTÊINER OU MÓDULO HABITÁVEL | D59: M3
A61: 3.0 | B61: MATERIAIS | D61: UNID | E61: VALOR
A62: GERA001 | B62: SISTEMA COMPLETO GERADOR DE SOLUÇÃO OXIDANTE - PLANTA DE GERAÇÃO DE SOLUÇÃO OXIDANTE - 500 KG/DIA (FORNECIMENTO, INSTALAÇÃO, COMISSIONAMENTO, STARUP E TREINAMENTO) | D62: UN
A63: GUIN001 | B63: GUINDASTE GIRATÓRIO DE COLUNA COM GIRO MOTORIZADO (FORNECIMENTO) | D63: UN
A64: CV00195 | B64: CONCRETO USINADO 150 KG CIMENTO/M3 | D64: M3
A65: CV00196 | B65: CONCRETO USINADO 210 KG CIMENTO/M3 | D65: M3
A66: CV00198 | B66: CONCRETO ESTRUTURAL USINADO FCK 20 MPA | D66: M3
A67: CV00201 | B67: CONCRETO ESTRUTURAL USINADO FCK 25 MPA | D67: M3
A68: CV00238 | B68: VERGALHÃO (AÇO-CA-50) - (MÉDIA DAS BITOLAS ENTRE 6,3 A 25,0MM) | D68: KG
A69: CV00609 | B69: PLACA AÇO GALV ESP=1,30 MM INCLUSIVE PINTURA PARA IDENTIFICAÇÃO DE OBRAS | D69: M2
A70: 31431 | B70: GRELHA DE RETORNO/EXAUSTÃO COM REGISTRO, MODELO AR-AG; TAMANHO: 0,14 M² A 0,19 M² | D70: M2
A71: 39024 | B71: ARGAMASSA POLIMÉRICA IMPERMEABILIZANTE, REFERÊNCIA SIKATOP 100, TEC PLUS TOP DA QUARTZOLIT WEBER OU EQUIVALENTE | D71: KG
A72: 62581 | B72: TUBO DE PVC RÍGIDO TIPO COLETOR ESGOTO, DN= 100MM | D72: M
A73: 67502 | B73: RALO SECO EM FERRO FUNDIDO DE 100 X 165 X 50 MM | D73: UN
A74: 67549 | B74: GRELHA METÁLICA DE 100 X 100 MM, PARA CAIXA SIFONADA OU RALO, REF. METAL VILA OU EQUIVALENTE | D74: UN
A75: 142 | B75: SELANTE ELASTICO MONOCOMPONENTE A BASE DE POLIURETANO (PU) PARA JUNTAS DIVERSAS (310 ML) | D75: UN
A76: 370 | B76: AREIA MÉDIA | D76: M3
A77: 536 | B77: REVESTIMENTO PARA PAREDE, EM CERAMICA ESMALTADA, FORMATO MENOR OU IGUAL A 2025 CM2 | D77: M2
A78: 665 | B78: ELEMENTO VAZADO DE CONCRETO, QUADRICULADO, 16 FUROS *50 X 50 X 7* CM | D78: UN
A79: 1379 | B79: CIMENTO PORTLAND COMPOSTO CP II-32 | D79: KG
A80: 1381 | B80: ARGAMASSA COLANTE AC I PARA CERAMICAS | D80: KG
A81: 2692 | B81: DESMOLDANTE PROTETOR PARA FORMAS DE MADEIRA, DE BASE OLEOSA EMULSIONADA EM ÁGUA | D81: L
... A105: 44073 | B105: TARUGO DELIMITADOR DE PROFUNDIDADE EM ESPUMA DE POLIETILENO DE BAIXA DENSIDADE 10 MM, CINZA | D105: M

Sheet 7.A
A1: ='3.A'!$A$1 -> TIMBRE LICITANTE
A3: ANEXO 7.A - BDI - LICITANTE
A5: ='3.A'!A8 -> AQUISIÇÃO DE SISTEMA COMPLETO DE GERADOR DE SOLUÇÃO OXIDANTE A BASE DE HIPOCLORITO DE SÓDIO PARA DESINFECÇÃO DO EFLUENTE NA ESTAÇÃO DE TRATAMENTO DE ESGOTO (ETE RIO PRETO), INCLUSO FORNECIMENTO DE EQUIPAMENTOS, MATERIAIS E OS SERVIÇOS DE OBRA CIVIL PARA ADEQUAÇÃO NECESSÁRIA AO SISTEMA, INSTALAÇÃO, START-UP E TREINAMENTO OPERACIONAL.
A7: COMPOSIÇÃO DAS TAXAS DE BDI | F7: MÃO DE OBRA, SERVIÇOS, CUSTO HORÁRIO DE EQUIPAMENTOS E MATERIAIS COMUNS
A9: AC | B9: ADMINISTRAÇÃO CENTRAL
A11: SG | B11: SEGURO E GARANTIA | E11: 0.0028
A13: R | B13: RISCOS | E13: 0.01
A15: DF | B15: DESPESAS FINANCEIRAS | E15: 0.0099
A17: L | B17: LUCRO | E17: 0.0804
A19: CP | B19: TRIBUTOS - COFINS E PIS | E19: =ROUND(SUM(E20:E21),5) -> 0 | F19: =ROUND(SUM(F20:F21),5) -> 0
B20: PIS
B21: COFINS
A23: ISS | B23: TRIBUTOS - ISS | E23: =ROUND(SUM(E24:E24),5) -> 0 | F23: =ROUND(SUM(F24:F24),5) -> 0
B24: ISS – IMPOSTO SOBRE SERVIÇOS
A26: CPRB | B26: TRIBUTOS - CONTRIBUIÇÃO PREVIDENCIÁRIA SOBRE A RENDA BRUTA | E26: =ROUND(SUM(E27:E27),5) -> 0 | F26: =ROUND(SUM(F27:F27),5) -> 0
B27: DESONERAÇÃO - 0% OU 4,5%
B29: TOTAL | F29: =ROUND((((1+($F$9+$F$11+$F$13))*(1+$F$15)*(1+$F$17))/(1-$F$19-$F$23-$F$26))-1,4) -> 0
A34: Caso a Licitante se enquadre na Lei Nº 12.244/2013 e apresente Proposta com Desoneração, preencher com a alíquota correspondente.

Sheet 8.A
A1: ='3.A'!$A$1 -> TIMBRE LICITANTE
A7: ANEXO 8.A - ENCARGOS SOCIAIS E TRABALHISTAS - LICITANTE
A9: ='3.A'!$A$8 -> AQUISIÇÃO DE SISTEMA COMPLETO DE GERADOR DE SOLUÇÃO OXIDANTE A BASE DE HIPOCLORITO DE SÓDIO PARA DESINFECÇÃO DO EFLUENTE NA ESTAÇÃO DE TRATAMENTO DE ESGOTO (ETE RIO PRETO), INCLUSO FORNECIMENTO DE EQUIPAMENTOS, MATERIAIS E OS SERVIÇOS DE OBRA CIVIL PARA ADEQUAÇÃO NECESSÁRIA AO SISTEMA, INSTALAÇÃO, START-UP E TREINAMENTO OPERACIONAL.
A10: GRUPO | B10: DESCRIÇÃO | D10: JORNADA NORMAL
D12: HORISTA
A13: A | B13: A1 – PREVIDÊNCIA SOCIAL (INSS)
B14: A2 – SERVIÇO SOCIAL DA INDÚSTRIA (SESI)
B15: A3 – SERVIÇO NACIONAL DE APRENDIZAGEM INDUSTRIAL (SENAI) | C15: 0.01
B16: A4 – INSTITUTO NACIONAL DE COLONIZAÇÃO E REFORMA AGRÁRIA (INCRA) | C16: 0.002
B17: A5 – SERVIÇO DE APOIO A PEQUENA E MÉDIA EMPRESA (SEBRAE) | C17: 0.006
B18: A6 – SALÁRIO EDUCAÇÃO | C18: 0.025
B19: A7 – SEGURO CONTRA ACIDENTES DE TRABALHO | C19: 0.03
B20: A8 – FUNDO DE GARANTIA POR TEMPO DE SERVIÇO (FGTS) | C20: 0.08
B21: A9 – SECONCI ( APLICÁVEL AS EMPRESAS CONSTANTES DO III GRUPO DA CLT) | C21: 0.01
B22: A – TOTAL DOS ENCARGOS SOCIAIS BÁSICOS | D22: =ROUND(SUM(D13:D21),4) -> 0
A23: B | B23: B1 – REPOUSO SEMANAL REMUNERADO
B24: B2 – FERIADOS | C24: 0.0469
B25: B3 – AUXÍLIO - ENFERMIDADE | C25: 0.0086
B26: B4 – 13º SALÁRIO | C26: 0.1102
B27: B5 – LICENÇA PATERNIDADE | C27: 0.0007
B28: B6 – FALTAS JUSTIFICADAS | C28: 0.0073
B29: B7 – DIAS DE CHUVA | C29: 0.0134
B30: B8 – AUXÍLIO ACIDENTE DE TRABALHO | C30: 0.001
B31: B9 – FÉRIAS GOZADAS | C31: 0.1122
B32: B10 – SALÁRIO MATERNIDADE | C32: 0.0003
B33: B – TOTAL DOS ENCARGOS QUE RECEBEM AS INCIDÊNCIAS DE A | C33: =SUM(C23:C32) -> 0.3006 | D33: =SUM(D23:D32) -> 0
A34: C | B34: C1 – AVISO PRÉVIO INDENIZADO | C34: 0.0481
B35: C2 – AVISO PRÉVIO TRABALHADO | C35: 0.0011
B36: C3 – FÉRIAS INDENIZADAS | C36: 0.0298
B37: C4 – DEPÓSITO RESCISÃO SEM JUSTA CAUSA | C37: 0.0275
B38: C5 – INDENIZAÇÃO ADICIONAL | C38: 0.0041
B39: C – TOTAL DOS ENCARGOS SOCIAIS QUE NÃO RECEBEM INCIDÊNCIAS DE A | C39: =SUM(C34:C38) -> 0.1106 | D39: =SUM(D34:D38) -> 0
A40: D | B40: D1 – REINCIDÊNCIA DO GRUPO A SOBRE GRUPO B | D40: =ROUND(D22*D33,4) -> 0
B41: D2 – REINCIDÊNCIA DO GRUPO A SOBRE AVISO PRÉVIO TRABALHADO (C2) E REINCIDÊNCIA DO FGTS (A8) SOBRE AVISO PRÉVIO INDENIZADO (C1) | C41: =ROUND(C22*C35+C20*C34,4) -> 0.0038 | D41: =ROUND(D22*D35+D20*D34,4) -> 0
B42: D – TOTAL DE REINCIDÊNCIAS DE UM GRUPO SOBRE O OUTRO | C42: =SUM(C40:C41) -> 0.0038 | D42: =SUM(D40:D41) -> 0
B43: E6 - HORAS EXTRAS SOBRE SERVIÇOS, FINAIS DE SEMANA E FERIADOS
B44: E - TOTAL DOS ENCARGOS SOCIAIS - EXTRAS | C44: =SUM(C43) -> 0 | D44: =SUM(D43) -> 0
A45: PORCENTAGEM TOTAL | D45: =ROUND(D22+D33+D39+D42+D44,5) -> 0
